 Dungeon Crawl Stone Soup version 0.31-a0-182-gc5ef74bbde (webtiles) character file.

Game seed: 15205161523868960391

2777249 cforsyth the Intangible (level 26, 138/138 HPs)
             Began as a Felid Summoner on June 17, 2023.
             Was the Champion of Jiyva.
             Escaped with the Orb
             ... and 6 runes on June 20, 2023!
             The game lasted 04:53:23 (122350 turns).

cforsyth the Intangible (Felid Summoner)          Turns: 122350, Time: 04:53:23

Health: 138/138    AC: 21    Str:  6    XL:     26   Next: 71%
Magic:  50/50      EV: 66    Int: 24    God:    Jiyva [******]
Gold:   5281       SH:  0    Dex: 30    Spells: 6/51 levels left
                                        Lives:  2   Deaths: 6

rFire   + .          .
                       - Unarmed
rCold   + + .        (shield unavailable)
rNeg    . . .        (body armour unavailable)
rPois   ∞            (helmet unavailable)
rElec   +            (cloak unavailable)
rCorr   +            (gloves unavailable)
SInv    +            (boots unavailable)
Will    ++++.        T - amulet of magic regeneration
Stlth   +            O - ring of Ephemeral Luck {rF+ Str+4 Dex+3}
HPRegen 2.03/turn    N - ring "Qunuasorir" {rC++ Will+ rCorr MP+9}
MPRegen 1.22/turn

%: no passive effects
@: storm-form, flying
A: cleaving, insubstantial, flying, very small, (claws 1), (fangs 3), see
invisible, (speed 1), (shaggy fur 3), (stealthy paws), no weapons or thrown
items, no armour, multi-lived, (horns 3), (iridescent scales 1), agile 2,
(poison resistance), (electricity resistance), wild magic 2, (gelatinous body
3), (jelly absorbing missiles), no potion heal 1, MP-powered wands
0: Orb of Zot
}: 6/15 runes: serpentine, barnacled, slimy, silver, glowing, magical
a: Blinkbolt, End Transformation, Renounce Religion, Oozemancy, Slimify


You escaped.
You worshipped Jiyva.
Jiyva was exalted by your worship.
You were a lightning-filled tempest!
You visited 14 branches of the dungeon, and saw 58 of its levels.
You visited Pandemonium 1 time, and saw 8 of its levels.
You visited the Abyss 2 times.
You visited 1 ziggurat, and saw 7 of its levels.
You also visited: Ice Cave.

You collected 23479 gold pieces.
You spent 5628 gold pieces at shops.
You paid 12570 gold pieces to Gozag.

Inventory:

Jewellery
 n - the ring "Towoulyl" {Wiz Str+6}
   (You found it on level 5 of the Pits of Slime)

   [ring of wizardry]

   It improves your spell success rate.
   Str:       It affects your strength (+6).
 r - a ring of protection from cold
 s - the ring "Ylo Xudy" {rPois Dex+3}
   (You found it on level 4 of a ziggurat)

   [ring of poison resistance]

   Dex:       It affects your dexterity (+3).
   rPois:     It protects you from poison.
 t - a ring of protection from cold
 y - the ring "Weresam" {Int+4 SInv}
   (You found it in Pandemonium)

   [ring of see invisible]

   Int:       It affects your intelligence (+4).
   SInv:      It lets you see invisible.
 A - the ring "Geiqorgh" {rN+++ MP+9 Str+3 Dex+2 Stlth-}
   (You bought it in a shop on level 1 of the Lair of Beasts)

   [ring of magical power]

   Str:       It affects your strength (+3).
   Dex:       It affects your dexterity (+2).
   rN:        It renders you almost immune to negative energy.
   MP:        It affects your magic capacity (+9).
   Stlth:     It makes you less stealthy.
 H - the amulet of the Crushed Leylines {Regen+ rCorr}
   (You found it on level 3 of the Realm of Zot)

   [amulet of regeneration]

   Regen:     It increases your rate of health regeneration.
   rCorr:     It protects you from acid and corrosion.
 L - the ring "Tuobruex" {rC+ Int+3}
   (You found it in an ice cave)

   [ring of protection from cold]

   Int:       It affects your intelligence (+3).
   rC:        It protects you from cold.
 N - the ring "Qunuasorir" (right paw) {rC++ Will+ rCorr MP+9}
   (You bought it in a shop on level 1 of the Lair of Beasts)

   [ring of resist corrosion]

   rC:        It greatly protects you from cold.
   MP:        It affects your magic capacity (+9).
   rCorr:     It protects you from acid and corrosion.
   Will:      It increases your willpower.
 O - the ring of Ephemeral Luck (left paw) {rF+ Str+4 Dex+3}
   (You bought it in a shop on level 1 of the Lair of Beasts)

   [ring of protection from fire]

   Str:       It affects your strength (+4).
   Dex:       It affects your dexterity (+3).
   rF:        It protects you from fire.
 T - an amulet of magic regeneration (around neck)
 X - the ring "Loerph Rygi" {*Corrode rC+ Will++ Str+6 Dex+3}
   (You took it off a deep elf demonologist on level 3 of the Elven Halls)

   [ring of strength]

   Str:       It affects your strength (+6).
   Dex:       It affects your dexterity (+3).
   rC:        It protects you from cold.
   *Corrode:  It may corrode you when you take damage.
   Will:      It greatly increases your willpower.
 Z - the ring of Vaetsat {rPois Dex+6}
   (You took it off a deep elf blademaster on level 3 of the Elven Halls)

   [ring of dexterity]

   Dex:       It affects your dexterity (+6).
   rPois:     It protects you from poison.
Wands
 d - a wand of paralysis (20)
 o - a wand of flame (163)
 C - a wand of mindburst (37)
 F - a wand of light (22)
 K - a wand of iceblast (24)
 Q - a wand of digging (26)
 S - a wand of polymorph (31)
Scrolls
 b - 10 scrolls of teleportation
 f - 4 scrolls of vulnerability
 h - 9 scrolls of immolation
 i - a scroll of revelation
 k - 3 scrolls of amnesia
 m - 9 scrolls of fog
 p - a scroll of blinking
 B - 9 scrolls of poison
 D - 8 scrolls of fear
 E - 6 scrolls of silence
Potions
 a - 9 potions of magic
 c - 2 potions of invisibility
 e - 10 potions of lignification
 g - 8 potions of brilliance
 j - 11 potions of haste
 l - 6 potions of mutation
 q - 13 potions of attraction
 u - 6 potions of cancellation
 v - 8 potions of enlightenment
 w - 5 potions of heal wounds
 x - 16 potions of curing
 z - 5 potions of resistance
 I - 3 potions of ambrosia
 P - 3 potions of might
 R - 6 potions of berserk rage


   Skills:
 + Level 24.1 Fighting
 O Level 27 Dodging
 - Level 2.6 Stealth
 + Level 24.1 Unarmed Combat
 - Level 13.0 Spellcasting
 - Level 4.0 Hexes
 + Level 15.0 Summonings
 + Level 16.8 Translocations
 + Level 23.6 Transmutations
 + Level 21.7 Air Magic


You had 6 spell levels left.
You knew the following spells:

 Your Spells              Type           Power      Damage    Failure   Level
a - Storm Form            Tmut/Air       58%        N/A       1%          7
b - Manifold Assault      Tloc           100%       N/A       1%          4
c - Call Canine Familiar  Summ           96%        N/A       1%          3
d - Summon Guardian Gole  Hex/Summ       78%        N/A       1%          3
e - Summon Lightning Spi  Summ/Air       100%       N/A       1%          4
f - Summon Forest         Summ/Tloc      49%        N/A       1%          5
g - Summon Cactus Giant   Summ           48%        N/A       4%          6
h - Summon Mana Viper     Hex/Summ       78%        N/A       7%          5
i - Maxwell's Capacitive  Air            56%        ∞         9%          8

Your spell library contained the following spells:

 Spells                   Type           Power      Damage    Failure   Level
 Beastly Appendage        Tmut           100%       N/A       1%          1
 Shock                    Conj/Air       100%       1d9       1%          1
 Summon Small Mammal      Summ           100%       N/A       1%          1
 Blink                    Tloc           100%       N/A       1%          2
 Call Imp                 Summ           100%       N/A       1%          2
 Cigotuvi's Dreadful Rot  Necr/Pois/Air  100%       N/A       1%          2
 Lesser Beckoning         Tloc           100%       N/A       1%          2
 Passwall                 Tmut/Erth      71%        N/A       1%          2
 Static Discharge         Conj/Air       100%       2-7/arc   1%          2
 Wereblood                Tmut           100%       N/A       1%          2
 Gell's Gravitas          Tloc           100%       N/A       1%          3
 Spider Form              Tmut/Pois      86%        N/A       1%          3
 Swiftness                Air            100%       N/A       1%          3
 Teleport Other           Tloc           100%       N/A       1%          3
 Vhi's Electric Charge    Tloc/Air       100%       N/A       1%          3
 Airstrike                Air            56%        2d(9-25)  1%          4
 Ice Form                 Ice/Tmut       86%        N/A       1%          4
 Passage of Golubria      Tloc           100%       N/A       1%          4
 Petrify                  Tmut/Erth      86%        N/A       1%          4
 Blade Hands              Tmut           59%        N/A       1%          5
 Ignite Poison            Fire/Tmut/Pois 72%        N/A       2%          3
 Volatile Blastmotes      Fire/Tloc      100%       2d18      2%          3
 Silence                  Hex/Air        44%        N/A       2%          5
 Yara's Violent Unravell  Hex/Tmut       46%        3d18      2%          5
 Dispersal                Tloc           50%        N/A       2%          6
 Irradiate                Conj/Tmut      43%        3d26      3%          5
 Iskenderun's Mystic Bla  Conj/Tloc      74%        2d15      4%          4
 Arcjolt                  Conj/Air       41%        1d51      4%          5
 Summon Ice Beast         Ice/Summ       70%        N/A       6%          4
 Confusing Touch          Hex            54%        N/A       7%          3
 Tukima's Dance           Hex            54%        N/A       7%          3
 Ensorcelled Hibernation  Hex/Ice        80%        N/A       8%          2
 Freeze                   Ice            100%       1d10      10%         1
 Kiss of Death            Conj/Necr      100%       2d13      10%         1
 Necrotise                Necr           100%       1d9       10%         1
 Inner Flame              Hex/Fire       40%        N/A       12%         3
 Eringya's Noxious Bog    Tmut/Pois      43%        N/A       12%         6
 Statue Form              Tmut/Erth      57%        N/A       12%         6
 Freezing Cloud           Conj/Ice/Air   34%        6-21      13%         5
 Sublimation of Blood     Necr           25%        N/A       14%         2
 Conjure Ball Lightning   Conj/Air       41%        3x3d13    16%         6
 Plasma Beam              Fire/Air       41%        2x1d55    16%         6
 Cause Fear               Hex            27%        N/A       17%         4
 Frozen Ramparts          Ice            50%        1d8       24%         3
 Hailstorm                Conj/Ice       25%        3d7       24%         3
 Ozocubu's Armour         Ice            25%        N/A       24%         3
 Stone Arrow              Conj/Erth      50%        3d10      24%         3
 Vampiric Draining        Necr           25%        2d7       24%         3
 Anguish                  Hex/Necr       20%        N/A       32%         4
 Fulminant Prism          Conj/Hex       20%        3d12      32%         4
 Leda's Liquefaction      Hex/Erth       20%        N/A       32%         4
 Dispel Undead            Necr           25%        3d12      54%         4
 Flame Wave               Conj/Fire      25%        2d8       54%         4
 Olgreb's Toxic Radiance  Pois           25%        N/A       54%         4
 Sticky Flame             Conj/Fire      25%        2d5       54%         4
 Metabolic Englaciation   Hex/Ice        20%        N/A       61%         5
 Agony                    Necr           25%        N/A       85%         5
 Fireball                 Conj/Fire      12%        3d7       85%         5
 Iskenderun's Battlesphe  Conj           25%        2d8       85%         5
 Lee's Rapid Deconstruct  Erth           12%        3d9*      85%         5
 Death Channel            Necr           12%        N/A       100%        6
 Leda's Unmaking          Conj/Erth      12%        9d3       100%        6
 Simulacrum               Ice/Necr       12%        N/A       100%        6
 Malign Gateway           Summ/Tloc      49%        N/A       12%         7
 Summon Hydra             Summ           48%        N/A       16%         7
 Disjunction              Tloc           50%        N/A       43%         8
 Summon Horrible Things   Summ           48%        N/A       65%         8
 Haunt                    Necr/Summ      35%        N/A       92%         7
 Spellforged Servitor     Conj/Summ      35%        N/A       92%         7
 Necromutation            Tmut/Necr      43%        N/A       96%         8
 Enfeeble                 Hex            27%        N/A       100%        7
 Orb of Destruction       Conj           12%        9d7       100%        7
 Ozocubu's Refrigeration  Ice            12%        4d10      100%        7
 Borgnjor's Revivificati  Necr           12%        N/A       100%        8
 Discord                  Hex            27%        N/A       100%        8
 Ignition                 Fire           12%        3d6       100%        8
 Infestation              Necr           12%        N/A       100%        8
 Lehudib's Crystal Spear  Conj/Erth      12%        10d4      100%        8
 Chain Lightning          Conj/Air       41%        3d55      100%        9
 Death's Door             Necr           12%        N/A       100%        9
 Fire Storm               Conj/Fire      12%        8d3       100%        9
 Polar Vortex             Ice            12%        N/A       100%        9
 Shatter                  Erth           12%        3d13*     100%        9
 Portal Projectile        Hex/Tloc       Unusable   N/A       N/A         3
 Animate Armour           Summ/Erth      Unusable   N/A       N/A         4

Dungeon Overview and Level Annotations

Branches:
Dungeon (15/15)            Temple (1/1) D:5            Lair (5/5) D:8
 Shoals (4/4) Lair:2        Snake (4/4) Lair:3        Slime (5/5) Lair:4
    Orc (2/2) D:12            Elf (3/3) Orc:2        Vaults (5/5) D:13
  Crypt (3/3) Vaults:2       Tomb (1/3) Crypt:3      Depths (4/4) D:15
   Hell (visited)             Dis (0/7) Hell            Geh (0/7) Hell
    Coc (0/7) Hell            Tar (0/7) Hell            Zot (5/5) Depths:4
  IceCv (visited)

Altars:
Ashenzari
Cheibriados
Dithmenos
Elyvilon
Fedhas
Gozag
Hepliaklqana
Kikubaaqudgha
Makhleb
Nemelex Xobeh
Okawaru
Qazlal
Ru
Sif Muna
Trog
Uskayaw
Vehumet
Xom
Yredelemnul
The Shining One
Jiyva

Shops:
D:2 :   D:5 *   D:6 ::   D:7 :!   Orc:2 [?[[   Elf:1 =*   Lair:1 =?=::*===
Vaults:2 *   Vaults:4 (:?   Vaults:5 !=!!?*:!   Depths:4 *

Portals:
Hell: Depths:1 Depths:2 Depths:3 Depths:4
Abyss: Depths:2 Depths:3
Pandemonium: Depths:2 Depths:4

Annotations:
Slime:5 Royal Jelly


Innate Abilities, Weirdness & Mutations

You are a lightning-filled tempest!
Your electrical attacks strike out in all directions at once.
You are incredibly evasive.
Your insubstantial body is immune to petrification, constriction, and being set on fire You are flying.
((You have sharp claws.))
((You have razor-sharp teeth.))
You have supernaturally acute eyesight. (SInv)
((You cover ground quickly. (Speed+)))
((Your thick and shaggy fur keeps you warm. (AC +3, rC+)))
((Your paws help you pounce on unaware monsters.))
You are incapable of wielding weapons or throwing items.
You cannot wear armour.
You gain extra lives every three experience levels.
((You have a pair of large horns on your head.))
((You are partially covered in iridescent scales. (AC +2)))
You are very agile. (Dex +8, Str/Int -2)
((Your system is resistant to poisons. (rPois)))
((You are resistant to electric shocks. (rElec)))
Your spells are harder to cast, but more powerful.
((Your gelatinous body deflects attacks. (AC +3, EV +3)))
((You have a small jelly attached to you that may absorb projectiles.))
Potions are less effective at restoring your health.
You expend magic power (3 MP) to strengthen your wands.


Message History

The angel is waved at by a branch.
Your mana viper bites the angel!
The angel's magic leaks into the air.
The angel gestures.
The angel is healed somewhat.
Your snaplasher vine grabs the angel.
Your snaplasher vine hits the angel but does no damage.
Your snaplasher vine constricts the angel.
Your dryad hits the angel!
Your mana viper bites the angel!
The angel's magic leaks into the air.
The angel falters for a moment.
You swap places.
A root smacks the angel from below!
Your snaplasher vine loses its grip on the angel.
The vine drags the angel backwards!
Your snaplasher vine grabs the angel.
Your snaplasher vine hits the angel.
Your snaplasher vine constricts the angel.
The angel closely misses your mana viper.
The angel hits your mana viper with a +1 whip of holy wrath!
Your snaplasher vine hits the angel!
Your snaplasher vine constricts the angel.
You swap places.
The angel is hit by a branch!
The angel dies!
Tree limbs sway around you.
There is a stone staircase leading up here.
Items here: )) [[.
You fly upwards.
Your summoned allies are left behind.
There is a stone staircase leading down here.
Space becomes stable.
Magic restored.
Done exploring.
(D) Dungeon (T) Temple (L) Lair (A) Shoals (P) Snake Pit (M) Slime Pits (O) Orcish Mines (E) Elven Halls (V) Vaults (C) Crypt (W) Tomb (U) Depths (H) Hell (I) Dis (G) Gehenna (X) Cocytus (Y) Tartarus (Z) Zot
Where to? (Enter - D:1, ? - help)
Okay, then.
A Brimstone Fiend comes into view.
The Brimstone Fiend moves out of view.
There is a large open door here.
There is a staircase leading out of the dungeon here.
You can't go down here!
You have escaped!

#.#..##.##...
#.#..##.##.##
###1#...#.#.§..
#.#.#####.#....
#.#.....#.#....
#♣...##.#.#....
#...###'#.#....
######.......#....
#v...#.......##.##
#..8.'.......##.#
#..8.'...(...##.#
#....#.......##.#
######.......##.#
#♣........##.#
#..####.#.##.#
#♣......#.##.#
#♣..#####.##.#


There were no monsters in sight!

Vanquished Creatures
  7 pandemonium lords
  Lom Lobon (Pan)
  Mnoleg (Pan)
  Tiamat (Zot:1)
  An ancient lich (Zot:5)
  10 dread liches
  5 orbs of fire
  Sojobo (Vaults:4)
  A royal mummy (Crypt:2)
  4 Killer Klowns
  Saint Roka (Depths:4)
  The ghost of Olanal the Impregnable, a veteran AtFi of Gozag (Depths:4)
  A caustic shrike (Depths:4)
  Xtahua (Depths:3)
  A curse toe (Zot:4)
  9 golden dragons
  Geryon (Hell)
  the Enchantress (Depths:3)
  5 bone dragons
  3 Tzitzimimeh (Pan)
  2 electric golems (Zot:5)
  5 Brimstone Fiends (Pan)
  A hellephant (Depths:4)
  A doom hound (Depths:4)
  5 Hell Sentinels
  7 Ice Fiends
  11 tentacled monstrosities
  A deep elf blademaster (Depths:4)
  Zenata (Vaults:2)
  4 liches
  26 Orb Guardians
  6 titans
  4 acid blobs
  A deep elf master archer (Elf:3)
  3 Executioners
  7 ancient champions
  12 sphinxes
  5 quicksilver dragons
  4 tentacled starspawn (Abyss:2)
  3 thorn hunters (Depths:3)
  9 tengu reavers
  5 death cobs
  An eldritch tentacle (Pan)
  12 storm dragons
  A fenstrider witch (Shoals:1)
  7 rockslimes
  9 shadow dragons
  3 fire giants
  2 draconian monks
  A nargun (Zig:6)
  Roxanne (Shoals:3)
  3 frost giants
  2 azure jellies
  A nagaraja (Snake:4)
  A revenant (Crypt:2)
  A draconian knight (Zot:3)
  8 demonspawn warmongers (Pan)
  8 draconian shifters
  13 vault wardens
  4 balrugs
  6 draconian scorchers
  5 deep elf sorcerers
  3 ghost moths (Zot:3)
  7 deep elf elementalists (Elf:3)
  4 draconian stormcallers
  11 ironbound preservers
  5 ghouls
  20 cacodemons
  7 draconian annihilators
  4 curse skulls
  3 war gargoyles
  A spriggan defender (Depths:3)
  3 quicksilver oozes
  4 demonspawn corrupters (Pan)
  4 ironbound thunderhulks
  17 reapers
  3 deep elf demonologists
  11 stone giants
  2 formless jellyfish
  9 black draconians
  A juggernaut skeleton (Crypt:3)
  29 very ugly things
  6 demonspawn blood saints (Pan)
  11 yellow draconians
  15 vampire knights
  10 demonspawn black suns (Pan)
  An eleionoma (Depths:3)
  9 lorocyprocas (Pan)
  2 wendigos
  A bennu (Tomb:1)
  9 green draconians
  8 red draconians
  7 dire elephants
  13 purple draconians
  3 deep elf annihilators
  7 white draconians
  7 deep elf death magi
  10 blizzard demons
  10 ettins
  2 eidola
  9 green deaths
  4 merfolk impalers
  A merfolk javelineer (Zig:5)
  3 entropy weavers
  2 mummy priests
  2 fire dragons (Depths:3)
  6 deep elf high priests
  12 jiangshi
  9 yaktaur captains
  6 great orbs of eyes
  2 spriggan zombies (Crypt:3)
  4 hell beasts
  2 salamander tyrants (Snake:4)
  A merfolk avatar (Shoals:4)
  4 ogre magi
  A fenstrider witch zombie (Hell)
  A caustic shrike simulacrum (Hell)
  24 vault guards
  4 rakshasas
  7 ice dragons
  3 spriggan air magi
  9 ironbound frosthearts
  4 satyrs
  3 centaur warriors
  A boulder beetle (Vaults:3)
  2 merfolk aquamancers
  14 dancing weapons
  2 death knights
  7 deep troll shamans
  An alligator (Shoals:4)
  8 two-headed ogres
  A bennu zombie (Crypt:2)
  2 death scarabs (Tomb:1)
  9 hell hogs
  13 deep troll earth magi
  7 demonic crawlers
  2 tengu warriors
  8 thrashing horrors (Abyss:2)
  12 vampire magi
  19 soul eaters
  A naga warrior (Snake:4)
  2 spriggan berserkers
  A titan zombie (Hell)
  6 holy swine (Pan)
  3 shock serpents (Pan)
  15 hell knights
  9 sun demons
  11 deep elf knights
  3 spriggans
  2 wretched stars (Abyss:2)
  5 shadow wraiths
  6 iron trolls
  7 skeletal warriors
  20 sixfirhies
  2 spatial maelstroms (Abyss:2)
  3 sea snakes
  A bunyip zombie (Tomb:1)
  2 golden dragon zombies
  A spriggan simulacrum (Hell)
  2 glowing orange brains
  40 deep trolls
  An iron giant zombie (Crypt:3)
  8 shadow demons (Pan)
  An anaconda zombie (Crypt:3)
  2 flayed ghosts
  13 deep elf archers
  A lindwurm (Vaults:2)
  9 harpies
  2 bog bodies (Crypt:2)
  19 phantasmal warriors
  12 wizards
  24 deep elf zephyrmancers
  6 starcursed masses (Abyss:2)
  A tengu zombie (Hell)
  A tengu skeleton (Depths:1)
  12 ironbound convokers
  An iron dragon zombie (Tomb:1)
  31 deep elf pyromancers
  26 ugly things
  3 necromancers
  An orc sorcerer (Depths:4)
  2 salamanders (Snake:4)
  A mana viper (Snake:4)
  A moth of wrath (shapeshifter) (Abyss:2)
  A manticore (Shoals:4)
  6 fauns
  2 salamanders (shapeshifter)
  4 shining eyes
  A toenail golem (Pan)
  A jorogumo skeleton (Crypt:2)
  28 moths of wrath
  A titan simulacrum (Hell)
  A merfolk siren (Shoals:3)
  10 vault sentinels
  A black mamba (shapeshifter) (Elf:1)
  39 slime creatures
  A dire elephant zombie (Crypt:3)
  An eye of devastation (Slime:1)
  A guardian serpent (Snake:4)
  3 rust devils
  46 smoke demons
  6 molten gargoyles
  A stone giant skeleton (Depths:1)
  A shock serpent skeleton (Crypt:1)
  3 water nymphs
  An alligator snapping turtle zombie (Crypt:3)
  A naga mage (Snake:4)
  A storm dragon simulacrum (Hell)
  A grey draconian zombie (Crypt:1)
  A kobold demonologist (Elf:1)
  A centaur skeleton (Tomb:1)
  7 hellions
  13 orange demons
  2 unseen horrors (Depths:3)
  An efreet (Abyss:2)
  A spark wasp simulacrum (Depths:1)
  6 guardian mummies
  2 freezing wraiths
  15 yaktaurs
  A tengu conjurer (Depths:4)
  An iron giant simulacrum (Hell)
  14 tormentors
  An anaconda simulacrum (Hell)
  4 merfolk
  2 ice devils
  2 ancient zymes (Abyss:2)
  A grey draconian skeleton (Crypt:2)
  A harpy zombie (Abyss:2)
  A green draconian skeleton (Crypt:3)
  3 red devils
  A merfolk (shapeshifter) (Vaults:5)
  A moth of wrath zombie (Crypt:3)
  A hydra zombie (Hell)
  3 hornets
  4 wind drakes
  14 hellwings
  A snapping turtle (shapeshifter) (Depths:2)
  3 raiju (Abyss:2)
  2 snapping turtles (Shoals:4)
  17 small abominations
  5 flying skulls (Abyss:2)
  3 wraiths
  12 ynoxinuls
  14 water elementals
  16 vampires (Crypt:3)
  A shadow (Abyss:2)
  A yak (shapeshifter) (D:13)
  35 large abominations
  2 fire elementals
  5 golden eyes
  23 neqoxecs
  An alligator snapping turtle simulacrum (Hell)
  34 chaos spawn
  5 redbacks
  2 wargs
  A harpy simulacrum (Hell)
  3 spatial vortices (Abyss:2)
  8 nagas (Snake:4)
  5 hell hounds
  A lindwurm zombie (Crypt:2)
  5 orc warriors
  A water nymph skeleton (Crypt:3)
  A fire dragon simulacrum (Hell)
  A black mamba simulacrum (Hell)
  4 ogres
  3 boggarts
  2 centaurs (Zig:5)
  A komodo dragon zombie (Crypt:1)
  A necrophage (Crypt:2)
  An earth elemental (Elf:2)
  A water moccasin zombie (Crypt:1)
  4 wights (Abyss:2)
  A polar bear zombie (Crypt:3)
  A yak zombie (Crypt:3)
  A troll skeleton (Crypt:1)
  12 nameless horrors
  A crimson imp (Abyss:2)
  A quasit (Pan)
  2 orc priests (Depths:4)
  An iron imp (D:6)
  An orc wizard (Zig:3)
  3 mummies (Tomb:1)
  An adder (D:5)
  A swamp drake skeleton (Crypt:2)
  An ufetubus (Abyss:2)
  3 orcs (Depths:4)
  A ball python (D:1)
  An endoplasm (D:1)
  A hobgoblin (D:1)
  2 jackals (D:1)
  A kobold (D:3)
  A quokka (D:4)
  An endoplasm zombie (Crypt:1)
  A hobgoblin zombie (Crypt:1)
  A creeping inferno (Zot:3)
  A lurking horror (Abyss:2)
  3 starspawn tentacles (Abyss:2)
1633 creatures vanquished.

Vanquished Creatures (collateral kills)
  A pandemonium lord (Depths:2)
  Khufu (Crypt:2)
  A dread lich (Vaults:5)
  Mennas (Vaults:3)
  Vv (Zot:2)
  Margery (Vaults:3)
  A Killer Klown (Zig:4)
  A golden dragon (Vaults:5)
  A hellephant (Depths:4)
  2 tentacled monstrosities
  Jorgrun (Elf:1)
  A Hell Sentinel (Pan)
  2 deep elf blademasters
  A sphinx (Tomb:1)
  A deep elf master archer (Depths:4)
  A kraken (Shoals:4)
  Murray (Depths:4)
  14 acid blobs
  3 death cobs
  Frances (D:13)
  3 tengu reavers
  A shadow dragon (Vaults:5)
  Kirke (D:12)
  5 azure jellies
  A draconian monk (Zot:5)
  Donald (Snake:1)
  2 storm dragons
  3 nagarajas
  A demonspawn warmonger (Pan)
  A fire giant (Vaults:5)
  2 deep elf sorcerers
  3 rockslimes
  4 vault wardens
  A draconian knight (Zot:3)
  A frost giant (Vaults:5)
  The ghost of Zays the Fighter, an adept GrEE of Okawaru (Shoals:1)
  A balrug (Hell)
  2 deep elf elementalists (Elf:3)
  2 angels
  A curse skull (Vaults:2)
  7 ironbound preservers
  7 quicksilver oozes
  A demonspawn corrupter (Pan)
  2 reapers (Pan)
  3 formless jellyfish
  2 very ugly things (Depths:4)
  5 stone giants
  An ironbound thunderhulk (Vaults:2)
  2 green draconians
  The ghost of Palms the Severer, a journeyman GrGl of Qazlal (Orc:2)
  2 deep elf demonologists
  2 deep elf annihilators (Elf:3)
  Azrael (D:15)
  The ghost of Huipt the Bewitcher, a journeyman DEFE of Sif Muna (D:15)
  2 demonspawn black suns (Pan)
  A bennu (Tomb:1)
  2 black draconians (Zot:3)
  2 dire elephants
  A white draconian (Zot:1)
  2 lorocyprocas (Pan)
  A purple draconian (Zot:1)
  A yellow draconian (Zot:1)
  An eidolon (Crypt:1)
  4 mummy priests
  2 green deaths (Pan)
  A merfolk javelineer (Shoals:4)
  A jiangshi (Crypt:3)
  4 merfolk impalers
  2 ettins
  2 deep elf death magi
  A blizzard demon (Pan)
  A yaktaur captain (Vaults:1)
  2 great orbs of eyes (Vaults:1)
  3 deep elf high priests
  3 hydras
  3 vault guards
  6 ogre magi
  6 salamander tyrants (Snake:4)
  An ironbound frostheart (Vaults:4)
  A spriggan air mage (Depths:3)
  The ghost of Vadghucic the Thaumaturge, a journeyman DsFE of Vehumet (Lair:2)
  2 alligators (Shoals:4)
  7 centaur warriors
  A death knight (D:15)
  Harold (Orc:1)
  4 merfolk avatars
  8 boulder beetles
  3 merfolk aquamancers
  7 anacondas
  4 alligator snapping turtles
  4 death scarabs (Tomb:1)
  4 deep troll shamans
  A satyr (Shoals:4)
  20 two-headed ogres
  17 dancing weapons
  2 deep troll earth magi
  11 death yaks
  3 vampire magi
  3 tengu warriors
  14 naga warriors
  8 shock serpents
  A spriggan berserker (Depths:3)
  14 naga sharpshooters
  A sun demon (Pan)
  Urug (D:12)
  4 skeletal warriors
  Sonja (Lair:5)
  Nergalle (D:12)
  3 hell knights
  A soul eater (Pan)
  5 deep elf knights
  An iron troll (Depths:3)
  4 skysharks
  6 sea snakes
  3 salamander mystics (Snake:4)
  A goliath frog (Shoals:4)
  9 naga ritualists
  A shadow demon (Pan)
  15 deep trolls
  5 deep elf archers
  3 phantasmal warriors
  11 harpies
  4 flayed ghosts
  3 orc knights
  2 orange crystal statues (IceCv)
  2 ironbound convokers
  Pikel (D:5)
  5 wizards
  2 orc sorcerers
  12 deep elf pyromancers
  6 deep elf zephyrmancers
  17 mana vipers
  A necromancer (Depths:1)
  8 manticores
  13 ugly things
  7 fauns
  3 oklob plants (Lair:1)
  5 moths of wrath
  7 salamanders
  8 cyclopes
  A dire elephant zombie (Crypt:3)
  A black mamba (shapeshifter) (D:13)
  4 guardian serpents
  35 black mambas
  A smoke demon (Pan)
  5 elephants (Lair:4)
  18 naga magi
  2 orange demons (Pan)
  10 vault sentinels
  A torpor snail (Lair:1)
  7 merfolk sirens
  4 eyes of devastation
  3 water nymphs
  An ice statue (Lair:5)
  26 cane toads
  3 hellions
  9 yaktaurs
  2 efreet
  3 rime drakes
  An unseen horror (D:12)
  4 tormentors (Pan)
  A tengu conjurer (Depths:1)
  8 komodo dragons
  4 freezing wraiths
  7 guardian mummies
  2 meliai (D:15)
  An ice devil (Lair:5)
  2 tyrant leeches (Lair:5)
  14 merfolk
  16 trolls
  Prince Ribbit (D:6)
  6 wind drakes
  4 hornets
  2 polar bears
  24 blink frogs
  A tarantella (Vaults:3)
  70 slime creatures
  4 snapping turtles
  14 vampires
  60 yaks
  A spriggan (Lair:3)
  12 water elementals
  7 hogs (D:12)
  4 wraiths
  A shadow (D:10)
  A wyvern (Lair:1)
  16 humans (D:13)
  An ushabti (Tomb:1)
  3 fire elementals
  7 golden eyes
  2 chaos spawn
  5 vampire mosquitoes (Lair:5)
  5 basilisks
  Menkaure (D:5)
  54 nagas
  4 wargs
  4 redbacks (Elf:2)
  6 large abominations
  An acid dragon (D:13)
  5 hell hounds (D:15)
  20 water moccasins
  13 nameless horrors
  Duvessa (D:7)
  A floating eye (Lair:1)
  5 great orb of eyes simulacra (IceCv)
  5 ice beasts
  2 black bears
  8 orc warriors
  A sky beast (D:6)
  20 centaurs
  24 ogres
  3 boggarts (Vaults:3)
  9 wolves (Lair:2)
  6 small abominations
  3 lemures (D:5)
  7 slime creature simulacra (IceCv)
  2 kobold brigands
  19 bullfrogs
  An earth elemental (Elf:3)
  A glowing shapeshifter simulacrum (IceCv)
  5 gnoll sergeants
  8 scorpions
  A komodo dragon skeleton (Crypt:1)
  A warg zombie (Crypt:2)
  4 wights (D:6)
  Dowan (D:7)
  A shapeshifter zombie (Crypt:2)
  4 electric eels
  2 howler monkeys
  A crimson imp (D:5)
  6 hounds
  Crazy Yiuf (D:5)
  2 jellies
  11 orc priests
  3 iguanas
  Terence (D:2)
  26 orc wizards
  A mummy (D:8)
  19 gnolls
  8 adders
  A swamp drake skeleton (Crypt:2)
  5 white imps (Lair:5)
  An ufetubus (D:4)
  2 worms (D:3)
  3 dart slugs
  34 orcs
  6 ball pythons
  3 bats
  7 endoplasms
  2 giant cockroaches (D:2)
  2 hobgoblins
  4 jackals
  2 quokkas (D:2)
  6 frilled lizards
  A goblin (D:2)
  2 goblin skeletons (D:5)
  A goblin zombie (D:5)
  4 hobgoblin zombies
  10 kobolds
  A kobold skeleton (D:5)
  3 kobold zombies
  2 orc skeletons
  2 orc zombies (D:8)
  11 rats
  4 tentacles (Shoals:4)
1387 creatures vanquished.

Vanquished Creatures (others)
  A golden dragon (Vaults:4)
  A deep elf blademaster (Elf:3)
  An azure jelly (IceCv)
  A frost giant (Vaults:5)
  A formless jellyfish (Vaults:3)
  A quicksilver ooze (IceCv)
  A draconian stormcaller (Zot:1)
  A formless jellyfish (shapeshifter) (Zig:7)
  A quicksilver ooze (shapeshifter) (Vaults:5)
  2 great orbs of eyes
  A blizzard demon (Pan)
  2 yaktaur captains
  A vault guard (Vaults:4)
  A satyr (Depths:3)
  A deep troll earth mage (Depths:2)
  A deep elf knight (Elf:1)
  A skyshark (Shoals:2)
  2 glowing orange brains (Abyss:2)
  A deep troll (Depths:2)
  2 ironbound convokers (Vaults:3)
  A deep elf zephyrmancer (Elf:3)
  A mana viper (Snake:3)
  A wizard (Vaults:3)
  An orc sorcerer (Abyss:2)
  A shining eye (shapeshifter) (Vaults:3)
  A moth of wrath (Zot:1)
  A manticore (D:13)
  A worldbinder (Abyss:2)
  A black mamba (Snake:3)
  A vault sentinel (Vaults:4)
  A smoke demon (Pan)
  A yaktaur (Vaults:1)
  A meliai (D:15)
  A tyrant leech (shapeshifter) (Vaults:5)
  A raiju (Abyss:2)
  23 slime creatures
  A slime creature (shapeshifter) (Vaults:5)
  A shadow (D:5)
  5 yaks
  A water elemental (Shoals:3)
  2 large abominations (Abyss:2)
  A ynoxinul (Pan)
  2 golden eyes (Abyss:2)
  A floating eye (Depths:3)
  A neqoxec (Abyss:2)
  A swamp worm (shapeshifter) (Depths:2)
  A water moccasin (shapeshifter) (Vaults:4)
  A centaur (D:8)
  4 small abominations
  An earth elemental (Elf:1)
  260 jellies
  A quasit (Abyss:2)
  An acid dragon skeleton (Crypt:1)
  A mummy (Tomb:1)
  2 gnolls (D:10)
  2 ball lightnings (Pan)
  3 fire vortices (Zig:7)
  79 snaplasher vines
  8 starspawn tentacles
  8 tentacles (Shoals:4)
450 creatures vanquished.

Grand Total: 3470 creatures vanquished

Notes
Turn   | Place    | Note
-------+----------+-------------------------------------------
     0 | D:1      | cforsyth the Felid Summoner began the quest for the Orb.
     0 | D:1      | Reached XP level 1. HP: 7/7 MP: 4/4
     0 | D:1      | Upgraded the game from 0.31-a0-175-g9f7f995f2b to
                  | 0.31-a0-180-g519b7de00c
   557 | D:1      | Reached XP level 2. HP: 7/11 MP: 3/6
   748 | D:1      | Learned a level 2 spell: Call Imp
  1175 | D:2      | Noticed Terence
  1256 | D:2      | Found Viegim's Book Shoppe.
  1335 | D:2      | Reached XP level 3. HP: 9/14 MP: 4/8
  1341 | D:2      | Learned a level 3 spell: Call Canine Familiar
  1845 | D:2      | Killed Terence
  1846 | D:2      | Reached skill level 5 in Summonings
  1846 | D:2      | Reached XP level 4. HP: 18/18 MP: 4/9
  1850 | D:2      | Learned a level 3 spell: Summon Guardian Golem
  2481 | D:3      | Found a faded altar of an unknown god.
  2667 | D:3      | Reached skill level 1 in Hexes
  2990 | D:4      | Identified the +1 robe "Gutre" {-Tele rC+ Str+3}
  3518 | D:3      | Reached XP level 5. HP: 9/21 MP: 3/11
  4606 | D:4      | Gained mutation: You are covered in thick fur. (AC +2)
                  | [Felid growth]
  4606 | D:4      | Reached XP level 6. HP: 24/24 MP: 6/13
  5062 | D:4      | Learned a level 4 spell: Summon Lightning Spire
  5083 | D:4      | Found a bloodstained altar of Trog.
  5745 | D:4      | Reached skill level 1 in Air Magic
  5823 | D:4      | Found a burning altar of Makhleb.
  5995 | D:4      | Found a snail-covered altar of Cheibriados.
  6123 | D:4      | Reached XP level 7. HP: 27/27 MP: 9/14
  6196 | D:5      | Entered Level 5 of the Dungeon
  6212 | D:5      | Found a transporter.
  6212 | D:5      | Found Numosaen's General Store.
  6233 | D:5      | Found a staircase to the Ecumenical Temple.
  6234 | D:5      | Noticed Menkaure
  6439 | D:5      | Found a blossoming altar of Fedhas.
  6615 | D:5      | Noticed a shadow
  6636 | D:5      | Killed a shadow
  6637 | D:5      | Reached skill level 5 in Spellcasting
  6842 | Temple   | Entered the Ecumenical Temple
  6851 | Temple   | Became a worshipper of Gozag Ym Sagoz the Greedy
  6915 | D:5      | Reached XP level 8. HP: 28/31 MP: 9/17
  6934 | D:5      | Killed Menkaure
  7079 | D:5      | Found a transporter.
  7237 | D:5      | Found a glowing golden altar of the Shining One.
  7271 | D:5      | Noticed Pikel
  7279 | D:5      | Killed Pikel
  7692 | D:5      | Found a runed translucent door.
  7693 | D:5      | Noticed Crazy Yiuf
  7918 | D:5      | Found a broken altar of Ashenzari.
  8376 | D:5      | Killed Crazy Yiuf
  8377 | D:5      | Reached XP level 9. HP: 34/34 MP: 10/20
  8615 | D:6      | Noticed Prince Ribbit
  8628 | D:6      | Killed Prince Ribbit
  9129 | D:6      | Found Piuzui's Vocational Training.
  9637 | D:6      | Found a shimmering altar of Xom.
  9706 | D:6      | Found Egot's Book Emporium.
  9713 | D:6      | Reached skill level 10 in Summonings
 10044 | D:7      | Found Heoqy's Distillery.
 10174 | D:7      | Found Copoagoc's Book Shop.
 10221 | D:7      | Noticed Dowan
 10245 | D:7      | Killed Dowan
 10952 | D:7      | Noticed Duvessa
 10964 | D:7      | Killed Duvessa
 10965 | D:7      | Reached XP level 10. HP: 37/37 MP: 11/23
 11037 | D:7      | Found Copoagoc's Book Shop.
 11335 | D:7      | Found Heoqy's Distillery.
 11703 | D:2      | Bought a book of the Wilderness for 456 gold pieces
 11709 | D:2      | Learned a level 5 spell: Summon Mana Viper
 11993 | D:8      | Found a staircase to the Lair.
 13086 | D:8      | Reached skill level 10 in Spellcasting
 13742 | D:9      | Found a sparkling altar of Nemelex Xobeh.
 14285 | D:9      | Found an iron altar of Okawaru.
 14759 | D:10     | Entered Level 10 of the Dungeon
 14770 | D:10     | Reached skill level 3 in Dodging
 14770 | D:10     | Reached XP level 11. HP: 41/41 MP: 7/26
 14772 | D:10     | Reached skill level 1 in Fighting
 14772 | D:10     | Reached skill level 1 in Transmutations
 15185 | D:10     | Reached skill level 4 in Dodging
 15987 | D:10     | Learned a level 6 spell: Summon Cactus Giant
 15993 | D:10     | Learned a level 5 spell: Summon Forest
 16045 | D:11     | Reached skill level 5 in Dodging
 16103 | D:11     | Reached skill level 1 in Translocations
 16106 | D:11     | Noticed a two-headed ogre
 16110 | D:11     | Killed a two-headed ogre
 16496 | D:11     | Noticed a boulder beetle
 16507 | D:11     | Killed a boulder beetle
 16508 | D:11     | Reached skill level 6 in Dodging
 16769 | D:11     | Noticed a boulder beetle
 16782 | D:11     | Killed a boulder beetle
 16783 | D:11     | Reached skill level 7 in Dodging
 16946 | D:11     | Noticed a two-headed ogre
 16961 | D:11     | Killed a two-headed ogre
 16962 | D:11     | Reached skill level 5 in Fighting
 17032 | D:12     | Noticed a white ugly thing
 17041 | D:12     | Killed a white ugly thing
 17138 | D:12     | Found a staircase to the Orcish Mines.
 17152 | D:12     | Reached skill level 8 in Dodging
 17295 | D:12     | Noticed Nergalle
 17305 | D:12     | Killed Nergalle
 17308 | D:12     | Noticed Urug
 17310 | D:12     | Killed Urug
 17311 | D:12     | Reached skill level 9 in Dodging
 17311 | D:12     | Gained mutation: Your thick and shaggy fur keeps you warm.
                  | (AC +3, rC+) [Felid growth]
 17311 | D:12     | Reached XP level 12. HP: 53/53 MP: 12/27
 17453 | D:12     | Noticed a boulder beetle
 17524 | D:12     | Killed a boulder beetle
 17857 | D:12     | Reached skill level 10 in Dodging
 17859 | D:12     | Noticed Kirke
 17875 | D:12     | Killed Kirke
 18282 | D:12     | Reached skill level 11 in Dodging
 18300 | D:12     | Noticed a six-headed hydra
 18308 | D:12     | Killed a six-headed hydra
 18322 | D:12     | Noticed a six-headed hydra
 18572 | D:12     | Killed a six-headed hydra
 18656 | D:12     | Noticed a boulder beetle
 18667 | D:12     | Killed a boulder beetle
 18668 | D:12     | Reached skill level 12 in Dodging
 19008 | D:13     | Noticed a centaur warrior
 19008 | D:13     | Noticed a two-headed ogre
 19008 | D:13     | Noticed a two-headed ogre
 19008 | D:13     | Found a gate to the Vaults.
 19158 | D:13     | Killed a two-headed ogre
 19249 | D:13     | Killed a centaur warrior
 19409 | D:13     | Noticed a boulder beetle
 19417 | D:13     | Killed a boulder beetle
 19471 | D:13     | Noticed a boulder beetle
 19480 | D:13     | Killed a boulder beetle
 19481 | D:13     | Reached skill level 13 in Dodging
 19492 | D:13     | Reached XP level 13. HP: 61/61 MP: 13/28
 19494 | D:13     | Reached skill level 10 in Fighting
 19795 | Lair:1   | Entered Level 1 of the Lair of Beasts
 20719 | Lair:1   | Reached skill level 14 in Dodging
 20719 | Lair:1   | Reached skill level 5 in Air Magic
 21757 | Lair:2   | Noticed Vadghucic's ghost (journeyman DsFE)
 21759 | Lair:2   | Found a runed translucent door.
 22405 | Lair:2   | Found a staircase to the Shoals.
 22592 | Lair:2   | Reached skill level 15 in Dodging
 23611 | Lair:2   | Killed Vadghucic's ghost
 23780 | Lair:3   | Identified 2 scrolls of acquirement
 23780 | Lair:3   | Acquired 514 gold pieces
 23784 | Lair:3   | Acquired 913 gold pieces
 24002 | D:2      | Bought an Inescapable Atlas for 384 gold pieces
 24493 | Lair:3   | Found a staircase to the Snake Pit.
 25005 | Lair:3   | Reached XP level 14. HP: 68/68 MP: 13/29
 26802 | Lair:4   | Found a staircase to the Slime Pits.
 27371 | Lair:5   | Entered Level 5 of the Lair of Beasts
 27382 | Lair:5   | Reached skill level 16 in Dodging
 28711 | Lair:5   | Noticed Sonja
 28721 | Lair:5   | Killed Sonja
 29700 | Lair:5   | Reached skill level 17 in Dodging
 31051 | Orc:1    | Entered Level 1 of the Orcish Mines
 31064 | Orc:1    | Noticed Harold
 31065 | Orc:1    | Reached XP level 15. HP: 74/74 MP: 15/30
 31081 | Orc:1    | Killed Harold
 31606 | Orc:2    | Entered Level 2 of the Orcish Mines
 31755 | Orc:2    | Found a staircase to the Elven Halls.
 32571 | Orc:2    | Reached skill level 18 in Dodging
 32580 | Orc:2    | Reached skill level 10 in Air Magic
 32786 | Orc:2    | Found Cuurimin's Magic Scroll Boutique.
 32786 | Orc:2    | Found Toadis's Antique Armour Emporium.
 32795 | Orc:2    | Found Wadupipt's Armour Boutique.
 32984 | Orc:2    | Found Haji's Antique Armour Shop.
 32998 | Orc:2    | Bought a scroll of blinking for 112 gold pieces
 32998 | Orc:2    | Bought a scroll of teleportation for 45 gold pieces
 32998 | Orc:2    | Bought a scroll of blinking for 112 gold pieces
 33014 | Orc:2    | Found a runed translucent door.
 33015 | Orc:2    | Found a shimmering altar of Xom.
 33015 | Orc:2    | Noticed Palms's ghost (journeyman GrGl)
 33733 | Orc:2    | Killed Palms's ghost
 35530 | D:13     | Got the Secrets of Translocational Poison
 35667 | D:13     | Noticed Frances
 36493 | D:13     | Found a gate to the Vaults.
 36515 | D:13     | Killed Frances
 37087 | D:14     | Found an opulent altar of Gozag.
 37235 | D:14     | Found a white marble altar of Elyvilon.
 37718 | D:15     | Entered Level 15 of the Dungeon
 37718 | D:15     | Found a runed translucent door.
 37742 | D:14     | Reached skill level 5 in Transmutations
 38330 | D:15     | Reached skill level 19 in Dodging
 38454 | D:15     | Reached XP level 16. HP: 80/80 MP: 22/31
 38614 | D:15     | Noticed Huipt's ghost (journeyman DEFE)
 38635 | D:15     | Noticed Azrael
 38654 | D:15     | Killed Azrael
 39204 | D:15     | Reached skill level 15 in Fighting
 39782 | D:15     | Found a staircase to the Depths.
 40321 | D:15     | Killed Huipt's ghost
 40473 | D:15     | Learned a level 7 spell: Storm Form
 40637 | Snake:1  | Entered Level 1 of the Snake Pit
 40897 | Snake:1  | Found a frozen archway.
 40963 | IceCv    | Entered an ice cave
 42623 | IceCv    | Found a viscous altar of Jiyva.
 42641 | IceCv    | Got the ring "Tuobruex" {rC+ Int+3}
 42643 | IceCv    | Identified the +7 chain mail "Galer" {rElec Slay+3}
 43447 | IceCv    | Found the +4 skin of Zhor {*Englaciate rC+++ SInv}
 43459 | IceCv    | Identified the ring of the Tempest {Wiz rC- Dex+4}
 43810 | Snake:1  | HP: 1/81 [naga sharpshooter/arrow (19)]
 43810 | Snake:1  | Shot with an arrow by a naga sharpshooter
 43811 | Snake:1  | Reached XP level 15. HP: -1/77 MP: 9/30
 44073 | Snake:1  | Noticed Donald
 44084 | Snake:1  | Killed Donald
 45223 | Snake:2  | Reached skill level 10 in Transmutations
 45600 | Snake:2  | Noticed a nagaraja
 45609 | Snake:2  | Killed a nagaraja
 45854 | Snake:2  | Reached XP level 16. HP: 67/81 MP: 14/31
 47872 | Snake:3  | HP: 4/81 [shock serpent/bolt of electricity (25)]
 48673 | Snake:4  | Entered Level 4 of the Snake Pit
 50162 | Snake:4  | Killed from afar by a salamander tyrant
 50163 | Snake:4  | Reached XP level 15. HP: -9/77 MP: 21/30
 50874 | Lair:1   | Bought the ring "Qunuasorir" {rC++ Will+ rCorr MP+9} for
                  | 1035 gold pieces
 50874 | Lair:1   | Bought the ring of Ephemeral Luck {rF+ Str+4 Dex+3} for 700
                  | gold pieces
 52043 | Snake:4  | Noticed a nagaraja
 52056 | Snake:4  | Killed a nagaraja
 52058 | Snake:4  | Reached XP level 16. HP: 81/81 MP: 11/31
 52790 | Snake:4  | Reached skill level 15 in Air Magic
 53495 | Snake:4  | Got a serpentine rune of Zot
 54004 | Snake:4  | Found a hide-covered altar of Uskayaw.
 54388 | Shoals:1 | Entered Level 1 of the Shoals
 54388 | Shoals:1 | Noticed Zays's ghost (adept GrEE)
 54886 | Shoals:1 | Found a runed translucent gate.
 54886 | Shoals:1 | Found a runed translucent gate.
 54886 | Shoals:1 | Found a runed translucent gate.
 55399 | Shoals:1 | Reached skill level 1 in Unarmed Combat
 55529 | Shoals:1 | Identified the +0 tower shield of Vlad {Str-5 Int+6 Dex+2
                  | SInv}
 56775 | Shoals:2 | Got the Vellum of the Intoxicating Welkin
 56871 | Shoals:2 | Identified the orb "Idghasaa" {*Rage, rC+ Slay+2}
 57444 | Shoals:2 | Identified the +0 chain mail "Ufoiwip" {rElec rF+}
 57982 | Shoals:3 | Noticed Roxanne
 59647 | Shoals:3 | Killed Roxanne
 59648 | Shoals:3 | Reached skill level 15 in Transmutations
 59753 | Shoals:4 | Entered Level 4 of the Shoals
 60744 | Shoals:4 | Reached XP level 17. HP: 85/85 MP: 19/32
 60995 | Shoals:4 | Identified the ring of Pampuoxiu {Fire Int+3 SInv}
 61133 | Shoals:4 | Reached skill level 5 in Unarmed Combat
 61365 | Shoals:4 | Got the Omnibus of Creative Vapour
 62103 | Shoals:4 | Noticed a kraken
 62635 | Shoals:4 | Killed a kraken
 62718 | Shoals:4 | Got a barnacled rune of Zot
 63210 | Shoals:1 | Killed Zays's ghost
 63538 | Vaults:1 | Entered Level 1 of the Vaults
 64473 | Vaults:1 | Identified the +8 arbalest of Experimentation {antimagic,
                  | rCorr Str+2 Dex-5}
 66241 | Vaults:2 | Reached skill level 10 in Unarmed Combat
 66995 | Vaults:2 | Noticed Zenata
 67519 | Vaults:2 | Killed Zenata
 67524 | Vaults:2 | Reached XP level 18. HP: 56/89 MP: 15/33
 67631 | Vaults:2 | Found a staircase to the Crypt.
 67834 | Vaults:2 | Found Duidil's Assorted Antiques.
 69382 | Vaults:3 | Identified the +4 long sword of Talytsa {protect, rC+
                  | Will+}
 69484 | Vaults:3 | Gained mutation: Your magical capacity is low. (-10% MP)
                  | [mutagenic glow]
 69503 | Vaults:3 | Noticed Mennas
 69523 | Vaults:3 | HP: 2/89 [Mennas/+4 eudemon blade of holy wrath (12)]
 69524 | Vaults:3 | Slain by Mennas
 69525 | Vaults:3 | Reached XP level 17. HP: -4/85 MP: 5/38
 69753 | Elf:1    | Entered Level 1 of the Elven Halls
 69781 | Elf:1    | Found a radiant altar of Vehumet.
 70221 | Elf:1    | Noticed Jorgrun
 70290 | Elf:1    | Killed Jorgrun
 70567 | Elf:1    | Reached skill level 15 in Unarmed Combat
 71382 | Elf:1    | Reached XP level 18. HP: 89/89 MP: 30/30
 71635 | Elf:1    | Found Muthav's General Store.
 71642 | Elf:1    | Found Gikaugei's Jewellery Boutique.
 72079 | Elf:2    | Found an ancient bone altar of Kikubaaqudgha.
 72179 | Elf:2    | Found a runed translucent gate.
 72179 | Elf:2    | Found a runed translucent gate.
 72215 | Elf:2    | Found a runed translucent gate.
 73844 | Elf:3    | Entered Level 3 of the Elven Halls
 74135 | Elf:3    | Noticed an Ice Fiend
 74318 | Elf:3    | Reached skill level 20 in Dodging
 75071 | Elf:3    | Identified the staff "Beast's Undoing" {rElec rN+++ Air}
 75269 | Elf:3    | Shot with an arrow by a deep elf master archer
 75270 | Elf:3    | Reached XP level 17. HP: -7/86 MP: 14/39
 75440 | Elf:3    | Identified the ring "Loerph Rygi" {*Corrode rC+ Will++
                  | Str+6 Dex+3}
 75888 | Elf:3    | Identified the +9 quarterstaff of Vuowyhuo {flame, rCorr}
 75888 | Elf:3    | Identified the amulet of Juistyps {Acrobat Will+}
 76105 | Elf:3    | Killed a deep elf master archer
 76335 | Elf:3    | Killed a deep elf blademaster
 76336 | Elf:3    | Reached XP level 18. HP: 50/90 MP: 9/31
 76494 | Elf:3    | Identified the +0 leather armour "Xeom" {rElec rCorr}
 76494 | Elf:3    | Identified the ring of Vaetsat {rPois Dex+6}
 76612 | Elf:3    | Found the +10 tower shield of Ignorance {rN+ Int-4}
 76633 | Elf:3    | Got the Folio of Beckoning and Degeneration
 77125 | Slime:1  | Entered Level 1 of the Pits of Slime
 78610 | Slime:3  | Gained mutation: You are occasionally teleported next to
                  | monsters. [a shining eye]
 78832 | Slime:2  | HP: 1/91 [enormous slime creature (74)]
 79515 | Slime:3  | Lost mutation: You are occasionally teleported next to
                  | monsters. [potion of mutation]
 79515 | Slime:3  | Lost mutation: Your magical capacity is low. (-10% MP)
                  | [potion of mutation]
 79515 | Slime:3  | Gained mutation: You are resistant to electric shocks.
                  | (rElec) [potion of mutation]
 79515 | Slime:3  | Gained mutation: You possess an exceptional clarity of
                  | mind. [potion of mutation]
 79515 | Slime:3  | Gained mutation: You passively dampen the noise of your
                  | surroundings. [potion of mutation]
 79866 | Slime:5  | Entered Level 5 of the Pits of Slime
 80524 | Slime:1  | Gained mutation: You occasionally lose the ability to read
                  | scrolls when taking damage. [a shining eye]
 80724 | Slime:1  | Reached skill level 21 in Dodging
 81131 | Lair:1   | Bought a scroll of blinking for 112 gold pieces
 81147 | Lair:1   | Bought the ring "Geiqorgh" {rN+++ MP+9 Str+3 Dex+2 Stlth-}
                  | for 1256 gold pieces
 81674 | Slime:5  | Found a viscous altar of Jiyva.
 81674 | Slime:5  | Noticed the Royal Jelly
 82348 | Slime:5  | HP: 1/91 [acid blob/splash of acid (8)]
 84715 | Slime:5  | Fell from the grace of Gozag
 84715 | Slime:5  | Became a worshipper of Jiyva Jich the Shapeless
 85859 | Crypt:1  | Entered Level 1 of the Crypt
 86260 | Crypt:1  | Reached * piety under Jiyva
 86279 | Crypt:1  | Reached XP level 19. HP: 95/95 MP: 36/36
 86713 | Crypt:1  | Reached ** piety under Jiyva
 86889 | Crypt:1  | Learned a level 4 spell: Manifold Assault
 87610 | Crypt:2  | Reached skill level 5 in Translocations
 87958 | Crypt:2  | Reached *** piety under Jiyva
 88356 | Crypt:2  | Lost mutation: You occasionally lose the ability to read
                  | scrolls when taking damage. [Jiyva's grace]
 88356 | Crypt:2  | Gained mutation: Your mind is acute. (Int +4, Str/Dex -1)
                  | [Jiyva's grace]
 88356 | Crypt:2  | Gained mutation: Your mind is very acute. (Int +8, Str/Dex
                  | -2) [Jiyva's grace]
 88356 | Crypt:2  | Gained mutation: Your muscles are strong. (Str +4, Int/Dex
                  | -1) [Jiyva's grace]
 88356 | Crypt:2  | Gained mutation: Your muscles are very strong. (Str +8,
                  | Int/Dex -2) [Jiyva's grace]
 88431 | Crypt:2  | Noticed a royal mummy
 88433 | Crypt:2  | Identified the +10 hand axe "Qied" {heavy, +Blink rElec rN+
                  | Dex+4}
 88433 | Crypt:2  | Noticed Khufu
 89020 | Crypt:2  | Killed a royal mummy
 89336 | Crypt:2  | Killed Khufu
 89337 | Crypt:2  | Reached skill level 22 in Dodging
 89398 | Crypt:2  | Got the Encyclopedia of Immolation and Frost
 89442 | Crypt:3  | Entered Level 3 of the Crypt
 90357 | Crypt:3  | Reached **** piety under Jiyva
 90799 | Crypt:3  | Reached XP level 20. HP: 96/102 MP: 38/38
 90917 | Crypt:3  | Found a staircase to the Tomb.
 91342 | Crypt:3  | Identified the amulet of Idealism {Faith rElec rPois}
 91346 | Crypt:3  | Identified the staff "Jokhluta" {rElec rC+ Air}
 91378 | Crypt:3  | Got the Guidebook on the Undead
 91445 | Tomb:1   | Entered Level 1 of the Tomb of the Ancients
 92133 | Tomb:1   | Reached skill level 10 in Translocations
 92633 | Vaults:3 | Lost mutation: Your mind is very acute. (Int +8, Str/Dex
                  | -2) [Jiyva's grace]
 92633 | Vaults:3 | Lost mutation: Your mind is acute. (Int +4, Str/Dex -1)
                  | [Jiyva's grace]
 92633 | Vaults:3 | Lost mutation: Your muscles are very strong. (Str +8,
                  | Int/Dex -2) [Jiyva's grace]
 92633 | Vaults:3 | Gained mutation: Your mind is acute. (Int +4, Str/Dex -1)
                  | [Jiyva's grace]
 92633 | Vaults:3 | Gained mutation: Your mind is very acute. (Int +8, Str/Dex
                  | -2) [Jiyva's grace]
 92633 | Vaults:3 | Gained mutation: You have a small jelly attached to you
                  | that may absorb projectiles. [Jiyva's grace]
 92633 | Vaults:3 | Gained mutation: You have a small jelly attached to you
                  | that senses nearby items. [Jiyva's grace]
 92716 | Vaults:3 | Killed Mennas
 92883 | Vaults:3 | Noticed Margery
 92889 | Vaults:3 | Killed from afar by Margery
 92890 | Vaults:3 | Reached XP level 19. HP: -29/97 MP: 48/55
 92890 | Vaults:3 | Reached ***** piety under Jiyva
 92890 | Vaults:3 | Upgraded the game from 0.31-a0-180-g519b7de00c to
                  | 0.31-a0-182-gc5ef74bbde
 92956 | Vaults:3 | Killed Margery
 92997 | Vaults:3 | Identified the +1 leather armour "Iskeli" {rN+}
 93328 | Vaults:3 | Was forgiven by Gozag
 93350 | Vaults:3 | Reached skill level 23 in Dodging
 94268 | Vaults:4 | Reached XP level 20. HP: 103/103 MP: 38/38
 94312 | Vaults:4 | Found Jimok's Magic Scroll Shoppe.
 94401 | Vaults:4 | Found Ekiwimno's Weapon Shoppe.
 94884 | Vaults:4 | Found Feahe's Book Boutique.
 95609 | Vaults:5 | Entered Level 5 of the Vaults
 96150 | Vaults:5 | Noticed Sojobo
 96389 | Vaults:4 | Killed Sojobo
 96869 | Vaults:5 | Noticed a dread lich
 96880 | Vaults:5 | Killed a dread lich
 97523 | Vaults:4 | Reached skill level 24 in Dodging
 97550 | Vaults:5 | Noticed a dread lich
 97551 | Vaults:5 | Reached XP level 21. HP: 108/108 MP: 36/39
 97554 | Vaults:5 | Noticed a golden dragon
 97558 | Vaults:5 | Noticed a golden dragon
 97562 | Vaults:5 | Killed a dread lich
 97583 | Vaults:4 | Killed a golden dragon
 97691 | Vaults:5 | Lost mutation: Your mind is very acute. (Int +8, Str/Dex
                  | -2) [Jiyva's grace]
 97691 | Vaults:5 | Lost mutation: Your muscles are strong. (Str +4, Int/Dex
                  | -1) [Jiyva's grace]
 97691 | Vaults:5 | Gained mutation: Your body has grown eyes which may confuse
                  | attackers. (Acc +3) [Jiyva's grace]
 97691 | Vaults:5 | Gained mutation: Your body has grown many eyes which may
                  | confuse attackers. (Acc +5) [Jiyva's grace]
 97691 | Vaults:5 | Gained mutation: Your body is covered in eyes which may
                  | confuse attackers. (Acc +7, SInv) [Jiyva's grace]
 97691 | Vaults:5 | Gained mutation: You are partially covered in iridescent
                  | scales. (AC +2) [Jiyva's grace]
 97715 | Vaults:5 | Killed a golden dragon
 97901 | Vaults:5 | Found Inyhum's Assorted Antiques.
 97902 | Vaults:5 | Found Cioz's Distillery.
 97908 | Vaults:5 | Bought a potion of mutation for 128 gold pieces
 97908 | Vaults:5 | Bought a potion of magic for 128 gold pieces
 97908 | Vaults:5 | Bought a potion of haste for 160 gold pieces
 97908 | Vaults:5 | Bought a potion of curing for 48 gold pieces
 97912 | Vaults:5 | Bought a scroll of blinking for 292 gold pieces
 97937 | Vaults:5 | Reached ****** piety under Jiyva
 97970 | Vaults:5 | Noticed a golden dragon
 97976 | Vaults:5 | Killed a golden dragon
 98046 | Vaults:5 | Found Bifuk's Distillery.
 98093 | Vaults:5 | Bought a potion of heal wounds for 75 gold pieces
 98093 | Vaults:5 | Bought a potion of heal wounds for 75 gold pieces
 98093 | Vaults:5 | Bought a potion of haste for 150 gold pieces
 98093 | Vaults:5 | Bought a potion of curing for 45 gold pieces
 98093 | Vaults:5 | Bought a potion of heal wounds for 75 gold pieces
 98093 | Vaults:5 | Bought 2 potions of invisibility for 240 gold pieces
 98130 | Vaults:5 | Found Rewy's Distillery.
 98248 | Vaults:5 | Found Dubbopus's Magic Scroll Shop.
 98248 | Vaults:5 | Found Abruargh's Book Shoppe.
 98270 | Vaults:5 | Found Feigir's Distillery.
 98435 | Vaults:5 | Got a silver rune of Zot
 98490 | Vaults:5 | Noticed a golden dragon
 98499 | Vaults:5 | Killed a golden dragon
 98515 | Vaults:5 | Found Poibipte's Jewellery Boutique.
 99002 | Slime:5  | Identified the ring "Towoulyl" {Wiz Str+6}
 99005 | Slime:5  | Identified the +5 halberd of the Shallot {freeze, Fly rElec
                  | rN+}
 99050 | Slime:5  | Identified the +2 ring mail of Terrible Birdsong {+Blink
                  | rN+ Str-4}
 99053 | Slime:5  | Got a slimy rune of Zot
 99393 | Depths:1 | Entered Level 1 of the Depths
 99895 | Depths:1 | Found a stormy altar of Qazlal.
100186 | Depths:1 | Found a gateway to Hell.
100427 | Depths:2 | Noticed a dread lich
100447 | Depths:2 | Lost mutation: You possess an exceptional clarity of mind.
                  | [Jiyva's grace]
100447 | Depths:2 | Lost mutation: Your mind is acute. (Int +4, Str/Dex -1)
                  | [Jiyva's grace]
100447 | Depths:2 | Lost mutation: You passively dampen the noise of your
                  | surroundings. [Jiyva's grace]
100447 | Depths:2 | Gained mutation: Your system is resistant to poisons.
                  | (rPois) [Jiyva's grace]
100447 | Depths:2 | Gained mutation: You are mostly covered in iridescent
                  | scales. (AC +4) [Jiyva's grace]
100447 | Depths:2 | Gained mutation: You are completely covered in iridescent
                  | scales. (AC +6) [Jiyva's grace]
100447 | Depths:2 | Gained mutation: You possess an exceptional clarity of
                  | mind. [Jiyva's grace]
100483 | Depths:2 | Found a one-way gateway to a ziggurat.
100486 | Depths:2 | Noticed a dread lich
100530 | Depths:2 | Found a one-way gate leading to the halls of Pandemonium.
100534 | Depths:2 | Found a transporter.
100535 | Depths:2 | Found a shimmering blue altar of Sif Muna.
100563 | Depths:2 | Found a shadowy altar of Dithmenos.
101037 | Depths:2 | Found a one-way gate to the infinite horrors of the Abyss.
101561 | Depths:3 | Noticed the Enchantress
101574 | Depths:3 | Killed the Enchantress
101575 | Depths:3 | Reached XP level 22. HP: 95/114 MP: 40/40
101602 | Depths:3 | Identified the +1 helmet "Qebimiu" {rC++ SInv}
101865 | Depths:3 | Noticed Xtahua
101874 | Depths:3 | Killed Xtahua
101931 | Depths:3 | Reached skill level 25 in Dodging
102246 | Depths:4 | Entered Level 4 of the Depths
102288 | Depths:4 | Found a radiant altar of Vehumet.
102449 | Depths:4 | Found a runed translucent door.
102451 | Depths:4 | Noticed Olanal's ghost (veteran AtFi)
102451 | Depths:4 | Noticed a caustic shrike
102484 | Depths:4 | Found Miren's General Store.
102518 | Depths:4 | Lost mutation: You are completely covered in iridescent
                  | scales. (AC +6) [Jiyva's grace]
102518 | Depths:4 | Lost mutation: You are mostly covered in iridescent scales.
                  | (AC +4) [Jiyva's grace]
102518 | Depths:4 | Lost mutation: Your system is resistant to poisons. (rPois)
                  | [Jiyva's grace]
102518 | Depths:4 | Gained mutation: Your rubbery body absorbs attacks. (AC +1,
                  | EV +1) [Jiyva's grace]
102518 | Depths:4 | Gained mutation: Your pliable body absorbs attacks. (AC +2,
                  | EV +2) [Jiyva's grace]
102518 | Depths:4 | Gained mutation: Your gelatinous body deflects attacks. (AC
                  | +3, EV +3) [Jiyva's grace]
102518 | Depths:4 | Gained mutation: You are agile. (Dex +4, Str/Int -1)
                  | [Jiyva's grace]
102586 | Depths:4 | Noticed a golden dragon
102588 | Depths:4 | Found a gate to the Realm of Zot.
102645 | Depths:4 | Killed a golden dragon
102719 | Depths:4 | Identified the +8 lajatang of the Scuffed God {pain, Str+2
                  | Int+4 SInv}
102719 | Depths:4 | Identified the +7 shadow dragon scales "Iwicvacs" {Str+6
                  | Stlth++++}
102733 | Depths:4 | Identified the +2 longbow of the End of Times {heavy,
                  | Fragile rC+ MP+9 Stlth+}
102786 | Depths:4 | Noticed Saint Roka
102800 | Depths:4 | Killed Saint Roka
103248 | Depths:4 | Killed a caustic shrike
103260 | Depths:4 | Killed Olanal's ghost
103317 | Zot:1    | Entered Level 1 of the Realm of Zot
103337 | Zot:1    | Noticed an orb of fire
103344 | Zot:1    | Gained mutation: You occasionally lose the ability to read
                  | scrolls when taking damage. [an orb of fire]
103346 | Zot:1    | Killed an orb of fire
103368 | Zot:1    | Noticed a golden dragon
103376 | Zot:1    | Killed a golden dragon
103492 | Zot:1    | Found the +4 dragonskin cloak
103492 | Zot:1    | Noticed Tiamat
103729 | Zot:1    | Noticed a golden dragon
103734 | Zot:1    | Killed a golden dragon
103964 | Zot:1    | Killed Tiamat
103965 | Zot:1    | Reached XP level 23. HP: 118/118 MP: 41/41
104160 | Zot:1    | You fall into a shaft and drop 1 floor!
104422 | Zot:1    | Acquired 767 gold pieces
104632 | Zot:2    | Noticed a dread lich
104634 | Zot:2    | Noticed a dread lich
104638 | Zot:2    | Killed a dread lich
104639 | Zot:2    | Noticed a dread lich
104645 | Zot:2    | Killed a dread lich
104648 | Zot:2    | Killed a dread lich
104649 | Zot:2    | Reached skill level 26 in Dodging
104649 | Zot:2    | Noticed a dread lich
104661 | Zot:2    | Killed a dread lich
104661 | Zot:2    | Noticed a dread lich
104667 | Zot:2    | Killed a dread lich
104770 | Zot:2    | Lost mutation: You possess an exceptional clarity of mind.
                  | [Jiyva's grace]
104770 | Zot:2    | Lost mutation: You are resistant to electric shocks.
                  | (rElec) [Jiyva's grace]
104770 | Zot:2    | Lost mutation: Your gelatinous body deflects attacks. (AC
                  | +3, EV +3) [Jiyva's grace]
104770 | Zot:2    | Lost mutation: You have a small jelly attached to you that
                  | senses nearby items. [Jiyva's grace]
104770 | Zot:2    | Gained mutation: You expend magic power (3 MP) to
                  | strengthen your wands. [Jiyva's grace]
104770 | Zot:2    | Gained mutation: You are very agile. (Dex +8, Str/Int -2)
                  | [Jiyva's grace]
104770 | Zot:2    | Gained mutation: You possess an exceptional clarity of
                  | mind. [Jiyva's grace]
104770 | Zot:2    | Gained mutation: You have a pair of small horns on your
                  | head. [Jiyva's grace]
104911 | Zot:2    | Noticed Vv
104933 | Zot:2    | Killed Vv
106258 | Zot:3    | Identified the amulet of the Crushed Leylines {Regen+
                  | rCorr}
106542 | Zot:4    | Noticed a curse toe
106554 | Zot:4    | Killed a curse toe
107092 | Zot:4    | Lost mutation: Your body is covered in eyes which may
                  | confuse attackers. (Acc +7, SInv) [Jiyva's grace]
107092 | Zot:4    | Lost mutation: Your pliable body absorbs attacks. (AC +2,
                  | EV +2) [Jiyva's grace]
107092 | Zot:4    | Lost mutation: You have a small jelly attached to you that
                  | may absorb projectiles. [Jiyva's grace]
107092 | Zot:4    | Lost mutation: You occasionally lose the ability to read
                  | scrolls when taking damage. [Jiyva's grace]
107092 | Zot:4    | Gained mutation: Your pliable body absorbs attacks. (AC +2,
                  | EV +2) [Jiyva's grace]
107092 | Zot:4    | Gained mutation: Your gelatinous body deflects attacks. (AC
                  | +3, EV +3) [Jiyva's grace]
107092 | Zot:4    | Gained mutation: You have a pair of horns on your head.
                  | [Jiyva's grace]
107092 | Zot:4    | Gained mutation: You have a pair of large horns on your
                  | head. [Jiyva's grace]
107334 | Zot:4    | Reached XP level 24. HP: 124/124 MP: 41/41
107491 | Zot:5    | Entered Level 5 of the Realm of Zot
107491 | Zot:5    | Found a broken altar of Ashenzari.
107685 | Zot:5    | Found a broken altar of Ashenzari.
108016 | Zot:5    | Noticed a Killer Klown
108025 | Zot:5    | Killed a Killer Klown
108362 | Zot:5    | Noticed an orb of fire
108372 | Zot:5    | Gained mutation: You are frail. (-10% HP) [an orb of fire]
108374 | Zot:5    | Killed an orb of fire
108375 | Zot:5    | Reached skill level 27 in Dodging
108533 | Zot:5    | Noticed an orb of fire
108535 | Zot:5    | Gained mutation: You occasionally shout uncontrollably at
                  | your foes. [an orb of fire]
108543 | Zot:5    | Noticed a Killer Klown
108547 | Zot:5    | Killed an orb of fire
108582 | Zot:5    | Noticed an orb of fire
108601 | Zot:5    | Noticed a Killer Klown
108613 | Zot:5    | Killed a Killer Klown
108622 | Zot:5    | Gained mutation: You are vulnerable to heat. (rF-) [an orb
                  | of fire]
108654 | Zot:5    | Killed a Killer Klown
108814 | Zot:5    | Noticed an ancient lich
108819 | Zot:5    | Noticed an orb of fire
108823 | Zot:5    | Killed an ancient lich
108832 | Zot:5    | Killed an orb of fire
108834 | Zot:5    | Gained mutation: Your body sometimes deteriorates upon
                  | taking damage. [an orb of fire]
108835 | Zot:5    | Gained mutation: Your spells are a little easier to cast,
                  | but a little less powerful. [an orb of fire]
108837 | Zot:5    | Killed an orb of fire
108853 | Zot:5    | Noticed a dread lich
108862 | Zot:5    | Killed a dread lich
109017 | Hell     | Entered the Vestibule of Hell
109017 | Hell     | Noticed Geryon
109069 | Hell     | Noticed Murray
109071 | Hell     | Killed Geryon
109258 | Depths:4 | Killed Murray
110226 | Hell     | Found a gateway to the decaying netherworld of Tartarus.
110416 | Hell     | Found a gateway to the ashen valley of Gehenna.
110420 | Hell     | Killed from afar by a hellion
110421 | Hell     | Reached XP level 23. HP: -14/108 MP: 50/50
110472 | Hell     | Found a gateway to the Iron City of Dis.
110480 | Hell     | Reached XP level 24. HP: 113/113 MP: 41/41
110492 | Hell     | Lost mutation: Your body sometimes deteriorates upon taking
                  | damage. [Jiyva's grace]
110492 | Hell     | Lost mutation: You are frail. (-10% HP) [Jiyva's grace]
110492 | Hell     | Lost mutation: You occasionally shout uncontrollably at
                  | your foes. [Jiyva's grace]
110492 | Hell     | Lost mutation: Your body has grown many eyes which may
                  | confuse attackers. (Acc +5) [Jiyva's grace]
110492 | Hell     | Gained mutation: Your mind is acute. (Int +4, Str/Dex -1)
                  | [Jiyva's grace]
110492 | Hell     | Gained mutation: Your mind is very acute. (Int +8, Str/Dex
                  | -2) [Jiyva's grace]
110492 | Hell     | Gained mutation: Armour fits poorly on your pseudopods.
                  | [Jiyva's grace]
110492 | Hell     | Gained mutation: Armour fits poorly on your large
                  | pseudopods. [Jiyva's grace]
110517 | Hell     | Found a gateway to the freezing wastes of Cocytus.
110800 | Zig:1    | Entered Level 1 of a ziggurat
110810 | Zig:2    | Entered Level 2 of a ziggurat
110831 | Zig:3    | Entered Level 3 of a ziggurat
110848 | Zig:4    | Entered Level 4 of a ziggurat
110848 | Zig:4    | Found the +8 trishula "Condemnation" {holy, anguish, *Noise
                  | Fly rN+}
110849 | Zig:4    | Noticed a Killer Klown
110849 | Zig:4    | Noticed a Killer Klown
110849 | Zig:4    | Found the +7 captain's cutlass {speed, disarm}
110857 | Zig:4    | Killed a Killer Klown
110860 | Zig:4    | Killed a Killer Klown
110871 | Zig:4    | Identified the ring "Ylo Xudy" {rPois Dex+3}
110874 | Zig:4    | Identified the +0 glaive of the Exiled Curses {freeze,
                  | rElec rC+ MP-9 SInv}
110875 | Zig:4    | Identified the +4 orcbow of Wicked Trial by Ordeal
                  | {antimagic, rC+ Str+2}
110880 | Zig:5    | Entered Level 5 of a ziggurat
110935 | Zig:6    | Entered Level 6 of a ziggurat
110945 | Zig:6    | Paralysed by a wendigo for 1 turns
111136 | Zig:7    | Entered Level 7 of a ziggurat
111143 | Zig:7    | Noticed Pienep the pandemonium lord
111146 | Zig:7    | Noticed Ceck the pandemonium lord
111162 | Depths:2 | Killed Ceck the pandemonium lord
111236 | Abyss:2  | Cast into level 2 of the Abyss (a wizard)
111642 | Abyss:2  | Lost strength.
111744 | Depths:2 | Escaped the Abyss
111753 | Depths:2 | Killed a dread lich
111768 | Depths:2 | Killed a dread lich
111854 | Depths:2 | Found a transporter.
111884 | Pan      | Entered Pandemonium
112131 | Pan      | Got Giloh's Reference Book on Shades
112199 | Pan      | Gained mutation: You are frail. (-10% HP) [a neqoxec]
112494 | Pan      | Gained mutation: You are very vulnerable to heat. (rF--) [a
                  | neqoxec]
112553 | Pan      | Noticed Pitoemm the pandemonium lord
112589 | Pan      | Killed Pitoemm the pandemonium lord
112623 | Pan      | Learned a level 8 spell: Maxwell's Capacitive Coupling
112935 | Pan      | Lost mutation: You have a pair of large horns on your head.
                  | [Jiyva's grace]
112935 | Pan      | Lost mutation: Your mind is very acute. (Int +8, Str/Dex
                  | -2) [Jiyva's grace]
112935 | Pan      | Lost mutation: Your gelatinous body deflects attacks. (AC
                  | +3, EV +3) [Jiyva's grace]
112935 | Pan      | Lost mutation: Armour fits poorly on your large pseudopods.
                  | [Jiyva's grace]
112935 | Pan      | Lost mutation: You are very vulnerable to heat. (rF--)
                  | [Jiyva's grace]
112935 | Pan      | Gained mutation: Your gelatinous body deflects attacks. (AC
                  | +3, EV +3) [Jiyva's grace]
112935 | Pan      | Gained mutation: You are resistant to electric shocks.
                  | (rElec) [Jiyva's grace]
112935 | Pan      | Gained mutation: You are mostly covered in iridescent
                  | scales. (AC +4) [Jiyva's grace]
112935 | Pan      | Gained mutation: You are completely covered in iridescent
                  | scales. (AC +6) [Jiyva's grace]
113507 | Pan      | Noticed Goel the pandemonium lord
113661 | Pan      | Killed Goel the pandemonium lord
113920 | Pan      | Found a transporter.
113952 | Pan      | Gained mutation: You are very frail. (-20% HP) [a
                  | cacodemon]
113963 | Pan      | Identified the ring "Weresam" {Int+4 SInv}
114103 | Pan      | Reached XP level 25. HP: 104/104 MP: 25/41
114499 | Pan      | Lost mutation: You are very frail. (-20% HP) [Jiyva's
                  | grace]
114499 | Pan      | Lost mutation: Your body has grown eyes which may confuse
                  | attackers. (Acc +3) [Jiyva's grace]
114499 | Pan      | Lost mutation: Your gelatinous body deflects attacks. (AC
                  | +3, EV +3) [Jiyva's grace]
114499 | Pan      | Lost mutation: Your pliable body absorbs attacks. (AC +2,
                  | EV +2) [Jiyva's grace]
114499 | Pan      | Lost mutation: Your spells are a little easier to cast, but
                  | a little less powerful. [Jiyva's grace]
114499 | Pan      | Gained mutation: Your spells are a little harder to cast,
                  | but a little more powerful. [Jiyva's grace]
114499 | Pan      | Gained mutation: Your spells are harder to cast, but more
                  | powerful. [Jiyva's grace]
114499 | Pan      | Gained mutation: Your spells are much harder to cast, but
                  | much more powerful. [Jiyva's grace]
114783 | Pan      | Found a transporter.
114858 | Pan      | Identified the ring of the Ancients {*Corrode rElec Str+6
                  | Int+2 Dex+3}
115599 | Pan      | Identified the +2 cloak of Zealous Knowledge {Str+3}
115651 | Pan      | Entered the realm of Mnoleg.
115914 | Pan      | Gained mutation: You are very frail. (-20% HP) [a neqoxec]
115938 | Pan      | Noticed Mnoleg
115968 | Pan      | Lost mutation: Your mind is acute. (Int +4, Str/Dex -1) [a
                  | neqoxec]
115969 | Pan      | Killed Mnoleg
116041 | Pan      | Got a glowing rune of Zot
116044 | Pan      | Gained mutation: Your body sometimes deteriorates upon
                  | taking damage. [a neqoxec]
116771 | Pan      | Lost mutation: You are completely covered in iridescent
                  | scales. (AC +6) [Jiyva's grace]
116771 | Pan      | Lost mutation: Your body sometimes deteriorates upon taking
                  | damage. [Jiyva's grace]
116771 | Pan      | Lost mutation: You are very frail. (-20% HP) [Jiyva's
                  | grace]
116771 | Pan      | Lost mutation: You are frail. (-10% HP) [Jiyva's grace]
116771 | Pan      | Lost mutation: Your spells are much harder to cast, but
                  | much more powerful. [Jiyva's grace]
116771 | Pan      | Lost mutation: Armour fits poorly on your pseudopods.
                  | [Jiyva's grace]
116771 | Pan      | Lost mutation: You are vulnerable to heat. (rF-) [Jiyva's
                  | grace]
116771 | Pan      | Gained mutation: Your system is resistant to poisons.
                  | (rPois) [Jiyva's grace]
116771 | Pan      | Gained mutation: You have a small jelly attached to you
                  | that senses nearby items. [Jiyva's grace]
116771 | Pan      | Gained mutation: You passively dampen the noise of your
                  | surroundings. [Jiyva's grace]
116771 | Pan      | Gained mutation: You have a small jelly attached to you
                  | that may absorb projectiles. [Jiyva's grace]
117064 | Pan      | Found a runed translucent door.
117068 | Pan      | Found a runed translucent door.
117071 | Pan      | Found a runed translucent door.
117088 | Pan      | Found a runed translucent door.
117805 | Pan      | Identified the +8 morningstar "Iwuy" {heavy, rPois Str+3}
117813 | Pan      | Identified the +2 plate armour of Akanam {Will+ Dex+4
                  | Stlth-}
117844 | Pan      | Noticed Wuharuteaf the pandemonium lord
117876 | Pan      | Killed Wuharuteaf the pandemonium lord
118312 | Pan      | Lost mutation: You have a small jelly attached to you that
                  | senses nearby items. [a cacodemon]
118314 | Pan      | Noticed Kentim the pandemonium lord
118325 | Pan      | Killed Kentim the pandemonium lord
118339 | Pan      | Lost mutation: You have a pair of horns on your head.
                  | [Jiyva's grace]
118339 | Pan      | Lost mutation: You are mostly covered in iridescent scales.
                  | (AC +4) [Jiyva's grace]
118339 | Pan      | Lost mutation: You possess an exceptional clarity of mind.
                  | [Jiyva's grace]
118339 | Pan      | Lost mutation: You passively dampen the noise of your
                  | surroundings. [Jiyva's grace]
118339 | Pan      | Gained mutation: Your pliable body absorbs attacks. (AC +2,
                  | EV +2) [Jiyva's grace]
118339 | Pan      | Gained mutation: Your gelatinous body deflects attacks. (AC
                  | +3, EV +3) [Jiyva's grace]
118339 | Pan      | Gained mutation: You have a pair of horns on your head.
                  | [Jiyva's grace]
118339 | Pan      | Gained mutation: You have a pair of large horns on your
                  | head. [Jiyva's grace]
118495 | Pan      | Identified the +6 hand axe "Odyhiota" {protect, rPois rC-
                  | rN+ Will+}
118508 | Pan      | Reached skill level 15 in Translocations
118691 | Pan      | Gained mutation: Potions are less effective at restoring
                  | your health. [a cacodemon]
118922 | Pan      | Reached XP level 26. HP: 17/137 MP: 22/41
119361 | Pan      | Entered the realm of Lom Lobon.
119668 | Pan      | Found an exit through the horrors of the Abyss.
120277 | Pan      | Noticed Lom Lobon
120281 | Pan      | Killed Lom Lobon
120323 | Pan      | Got a magical rune of Zot
120546 | Pan      | Took an exit into the Abyss.
120546 | Abyss:2  | Escaped into the Abyss
120934 | Depths:2 | Escaped the Abyss
121355 | Zot:5    | Noticed a dread lich
121361 | Zot:5    | Killed a dread lich
121556 | Zot:5    | Got the Orb of Zot
121736 | Depths:4 | Noticed Qenijaraick the pandemonium lord
121740 | Depths:4 | Killed Qenijaraick the pandemonium lord
122071 | D:8      | Noticed Tiodgh the pandemonium lord
122075 | D:8      | Killed Tiodgh the pandemonium lord
122153 | D:6      | Noticed Qiolo the pandemonium lord
122157 | D:6      | Killed Qiolo the pandemonium lord
122158 | D:6      | Reached skill level 15 in Summonings
122350 | D:$      | Escaped with the Orb!

Illustrated notes

Levels and vault maps discovered:
D:1:      sevenhm_arrival_forest_fort_small_6, layout_basic
D:2:      layout_basic, serial_shops, shop, minmay_misc_feat_five,
          minmay_small_reverse_x, uniq_terence
D:3:      layout_basic, basic_ecumenical_altar
D:4:      layout_loops_cross, lemuel_tele_altar, nicolae_overflow_hidden_temple,
          kennysheep_mini, minivault_1, minivault_23
D:5:      layout_basic, mainiacjoe_overflow_alcove_2,
          nicolae_tso_besieged_by_evil, fedhas_altar_decomposition,
          minmay_temple_entry_arrows, serial_shops, nicolae_shop_drivethru,
          uniq_crazy_yiuf_cottage, uniq_pikel, uniq_menkaure
D:6:      minmay_flawed_box, layout_basic, lemuel_coloured_pillars_altar,
          serial_shops, nicolae_shop_tiny_statue_garden,
          nicolae_shop_vocational, uniq_prince_ribbit1
D:7:      layout_gridville, serial_shops, shop, shop, minmay_strange_pillars,
          uniq_duvessa
D:8:      layout_rooms, due_lair_maze_entry_diamond, hangedman_decor_slide_cut,
          nrook_pool_corridor, minmay_mini_ossuary
D:9:      layout_rooms, mainiacjoe_overflow_24_doors,
          nemelex_xobeh_ov_fountains_minmay, fountainhead
D:10:     layout_basic
D:11:     layout_roguey
D:12:     layout_basic, orc_0_dummy, minmay_bent, uniq_kirke, uniq_urug,
          uniq_nergalle
D:13:     layout_loops_cross, david_vaults_3, laboratory, uniq_frances
D:14:     layout_cave_pools, elyvilon_altar_5, nicolae_gozag_seed_capital
D:15:     grunt_enter_depths_snipers, layout_grid_maze, gammafunk_ghost_grave,
          serial_bayou_pond_b, uniq_azrael
Temple:   compressed_dpeg_triangle_lava_temple
Lair:1:   layout_loops_ring, disabler_island, infiniplex_staircase_pool_2,
          grunt_megastairs_1
Lair:2:   beast_lair_carwin_large_1, layout_layer_cave,
          minmay_shoals_entry_centaurs, hellmonk_ghost_happy_afterlife,
          st_stairs_7
Lair:3:   layout_loops_ring, guppyfry_snake_entry_island,
          grunt_forest_large_clearing_hut
Lair:4:   layout_loops_ring, slime_entry_1
Lair:5:   minmay_lair_end_frog_pond, layout_cave_shapes,
          chequers_serial_rivers_micro_c, ice2_lemuel,
          infiniplex_staircase_pool, uniq_sonja
Shoals:1: layout_shoals, gammafunk_ghost_split,
          nicolae_shoals_beach_house_on_fowls_legs
Shoals:2: layout_shoals, abandoned_shop
Shoals:3: layout_shoals, uniq_roxanne
Shoals:4: shoals_end_hangedman, layout_shoals, nicolae_shoals_goliath_grotto
Snake:1:  layout_onion_interference, portal_ice_cave_entry_pillars_1,
          uniq_donald
Snake:2:  layout_onion_interference
Snake:3:  layout_layer_cave, serial_bayou_shore_b, nicolae_integral_box
Snake:4:  minmay_snake_end_coiled, layout_cave_pods, basic_altar, drop_trap
Slime:1:  layout_caves, nicolae_slime_getting_an_eyeful
Slime:2:  layout_caves, cheibrodos_slime_lost_civilization_4
Slime:3:  layout_caves
Slime:4:  layout_caves
Slime:5
Orc:1:    layout_caves, nicolae_orc_lava_room, uniq_harold
Orc:2:    st_orc_open, layout_diamond_mine, ebering_ghost_xom
Elf:1:    eino_elf_arrival_altar, layout_gridlike, hangedman_elf_disciples,
          hex_intersection, minmay_shoptagon, uniq_jorgrun
Elf:2:    elven_hall_of_blades_hangedman_original
          [nicolae_blade_entry_crossed_weapons], layout_rooms, basic_altar,
          drop_trap
Elf:3:    minmay_elf_hall_statues, layout_geoelf_diagonals
Vaults:1: nicolae_vaults_murder_corner, nicolae_vaults_bisected_slash,
          v_misc_25, nicolae_vaults_shelves_hall, nicolae_vaults_three_branches,
          nicolae_vaults_oval_intersection, nicolae_vaults_tetromino_T_2,
          nicolae_vaults_little_ls, v_misc_14, nicolae_vaults_yaktaur_gun_rack,
          vaults_dpeg_hooks, layout_vaults_omnigrid
Vaults:2: nicolae_vaults_display_case, nicolae_vaults_tetromino_Z_1, v_misc_25,
          vaults_dpeg_diagonal, vaults_room_door_hall,
          nicolae_vaults_double_plus_2, nicolae_vaults_surprise_closet,
          minmay_crypt_entry_simple_plaza, nicolae_vaults_mini_display_case,
          v_misc_3, nicolae_vaults_trapezoid_2, nicolae_vaults_circle_grid_a,
          nicolae_vaults_shelves_hall, nicolae_vaults_little_squares_2,
          nicolae_vaults_hexular_roomagon, vaults_room_pool,
          layout_vaults_omnibox, serial_shops, shop_fountains, uniq_zenata
Vaults:3: nicolae_vaults_shrinking_rooms_2, nicolae_vaults_closet_pinwheel_5,
          v_pattern_5, ontoclasm_vaults_pinch, st_squares,
          nicolae_vaults_storage_room_glass, nicolae_vaults_cochlea,
          nicolae_vaults_sesquioval_fish, ontoclasm_vaults_chip,
          nicolae_vaults_six-pack, v_alt_pattern_1,
          nicolae_vaults_storage_room_statues, layout_vaults_ring, uniq_mennas,
          uniq_margery
Vaults:4: ontoclasm_vaults_shuriken, nicolae_vaults_apartment_1,
          nicolae_vaults_little_squares_4, v_alt_pattern_3,
          nicolae_vaults_stepped_doors, nicolae_vaults_storage_closets_1,
          nicolae_vaults_border_crossing, nicolae_vaults_little_squares_4,
          nicolae_vaults_surprise_closet_hard, layout_vaults_chaotic_city,
          serial_shops, nicolae_shop_statue_plus, nicolae_diamond_shop,
          nicolae_shop_tiny_real_fake_doors
Vaults:5: serial_shops, uniq_sojobo
Crypt:1:  layout_regular_city
Crypt:2:  ragdoll_tomb_raider, layout_regular_city
Crypt:3:  due_elkab, layout_chaotic_city
Tomb:1
Depths:1: layout_cave_pools, grunt_qazlal_clouds, grunt_hell_entry_dis_old,
          minmay_variable_closet, nicolae_letterblocks [nicolae_letter_subblock,
          nicolae_letter_subblock, nicolae_letter_subblock,
          nicolae_letter_subblock, nicolae_letter_subblock,
          nicolae_letter_subblock, nicolae_letter_subblock,
          nicolae_letter_subblock, nicolae_letter_subblock,
          nicolae_letter_subblock, nicolae_letter_subblock,
          nicolae_letter_subblock, nicolae_letter_subblock,
          nicolae_letter_subblock, nicolae_letter_subblock,
          nicolae_letter_subblock, nicolae_letter_subblock,
          nicolae_letter_subblock, nicolae_letter_subblock,
          nicolae_letter_subblock, nicolae_letter_subblock,
          nicolae_letter_subblock, nicolae_letter_subblock,
          nicolae_letter_subblock, nicolae_letter_subblock]
Depths:2: gammafunk_sealed_library, layout_gridlike, enter_ziggurat_f,
          abyss_entry, pan_entry, pf_vacation_house_of_asmodeus,
          nicolae_dithmenos_through_a_glass_darkly, kennysheep_generic_room_16
Depths:3: grunt_forest_end_winery, layout_basic, minmay_fountain_box,
          hell_entry, minmay_room_of_horrors, uniq_xtahua
Depths:4: grunt_crosshair, layout_basic, pan_entry, ebering_ghost_inner_flame,
          grunt_mini_vestibule, vehumet_crystals, serial_shops,
          nicolae_shop_statue_plus, beargit_elvish_explorers,
          serial_bayou_shore_b, uniq_saint_roka
Hell
Zot:1:    layout_gridlike, uniq_tiamat
Zot:2:    hellmonk_paralyzer, layout_basic, grunt_ministairs_9, uniq_vv
Zot:3:    layout_misc_corridors, hangedman_hellfire_club
Zot:4:    layout_gridlike, grunt_ministairs_3, grunt_megastairs_4
Zot:5:    layout_basic, hangedman_feature_mirror

Skill      XL: |  1  2  3  4  5  6  7  8  9 10 11 12 13 14 15 16 17 18 19 20 21 22 23 24 25 26 |
---------------+-------------------------------------------------------------------------------+-----
Spellcasting   | 3 4 5 6 8 10 12 13 | 13.0
Summonings     | 5 6 8 10 12 14 15 | 15.0
Hexes          | 1 3 4 |  4.0
Air Magic      | 1 3 4 6 9 13 15 16 17 18 19 20 21 | 21.7
Dodging        | 3 9 13 15 17 19 21 23 24 25 26 27 | 27.0
Fighting       | 6 9 11 13 14 15 16 17 19 20 21 22 23 24 | 24.1
Transmutations | 3 4 13 15 16 17 18 19 20 22 23 | 23.6
Translocations | 4 11 10 12 15 16 | 16.8
Unarmed Combat | 4 15 17 19 20 21 23 24 | 24.1
Stealth        | |  2.6

Action                     |  1- 3 |  4- 6 |  7- 9 | 10-12 | 13-15 | 16-18 | 19-21 | 22-24 | 25-27 || total
---------------------------+-------+-------+-------+-------+-------+-------+-------+-------+-------++-------
  Melee: Unarmed           |    24 |     4 |     2 |    10 |    19 |   988 |  1068 |  1533 |  1042 ||  4690
         Bite              |     2 |       |       |     1 |     2 |     8 |     5 |     6 |     3 ||    27
         Punch             |       |       |       |       |       |    88 |   191 |   232 |    74 ||   585
         Headbutt          |       |       |       |       |       |       |       |     6 |     2 ||     8
         Pseudopods        |       |       |       |       |       |       |       |     3 |     2 ||     5
   Cast: Summon Small Mamm |    43 |    48 |    46 |    19 |       |     1 |       |       |       ||   157
         Call Imp          |    11 |    25 |    33 |    12 |       |     3 |       |       |       ||    84
         Call Canine Famil |     4 |    35 |    36 |    28 |    44 |    41 |     3 |       |       ||   191
         Summon Guardian G |       |       |     6 |    13 |    14 |    33 |     3 |       |       ||    69
         Summon Lightning  |       |       |    11 |    10 |    27 |    36 |     2 |       |       ||    86
         Summon Mana Viper |       |       |       |    54 |   171 |   282 |   103 |    62 |     9 ||   681
         Summon Cactus Gia |       |       |       |    30 |   163 |   285 |   103 |    60 |     7 ||   648
         Summon Forest     |       |       |       |     9 |   123 |   196 |    85 |    40 |     4 ||   457
         Storm Form        |       |       |       |       |     3 |   224 |   142 |   117 |    73 ||   559
         Manifold Assault  |       |       |       |       |       |       |    66 |   314 |   609 ||   989
         Maxwell's Capacit |       |       |       |       |       |       |       |     1 |     7 ||     8
 Invoke: Potion Petition   |       |       |     1 |       |       |       |       |       |       ||     1
         Call Merchant     |       |       |       |       |     7 |     2 |       |       |       ||     9
Ability: Blinkbolt         |       |       |       |       |       |    21 |    21 |    39 |    17 ||    98
  Evoke: Wand              |       |       |       |       |     1 |     1 |       |     1 |       ||     3
    Use: Scroll            |       |     3 |     7 |       |    14 |    12 |     8 |    12 |     5 ||    61
         Potion            |       |       |       |       |     1 |    20 |     1 |     4 |       ||    26
   Stab: Distracted        |     1 |       |       |     1 |     1 |    26 |    15 |    28 |       ||    72
         Sleeping          |     1 |       |       |       |       |     1 |     1 |     2 |       ||     5
         Confused          |       |       |       |       |       |       |     1 |     1 |       ||     2
         Paralysed         |       |       |       |       |       |       |       |     4 |       ||     4
 Armour: Skin              |     5 |     3 |     2 |     2 |     5 |    91 |   126 |   100 |    21 ||   355
  Dodge: Dodged            |    35 |    48 |    21 |    39 |   304 |  1440 |  1497 |  1746 |   437 ||  5567
  Block: Other             |       |       |       |       |    47 |   250 |    42 |       |       ||   339
         Reflection        |       |       |       |       |     6 |    36 |       |       |       ||    42

Table legend: (Time is in decaauts)
 A = Elapsed time spent in this place.
 B = Non-inter-level travel time spent in this place.
 C = Inter-level travel time spent in this place.
 D = Time resting spent in this place.
 E = Time spent auto-exploring this place.
 F = Levels seen in this place.
 G = Mean time per level.
                   A        B        C        D        E       F      G
               +--------+--------+--------+--------+--------+-----+--------+
         Total | 114440 | 108248 |   6192 |  20280 |  66104 |  76 | 1505.8 |
       Dungeon |  25173 |  22737 |   2436 |   4192 |  14404 |  15 | 1678.2 |
        Temple |     54 |     47 |      7 |     21 |      0 |   1 |   54.0 |
          Lair |  11558 |  10559 |    999 |   1470 |   7473 |   5 | 2311.6 |
        Shoals |   8667 |   8521 |    146 |   1567 |   5578 |   4 | 2166.8 |
     Snake Pit |  10358 |  10111 |    247 |   2062 |   6413 |   4 | 2589.5 |
    Slime Pits |   7645 |   7312 |    333 |   2970 |   2971 |   5 | 1529.0 |
  Orcish Mines |   3196 |   3001 |    195 |     39 |   2498 |   2 | 1598.0 |
   Elven Halls |   6851 |   6589 |    262 |    865 |   4332 |   3 | 2283.7 |
        Vaults |  11465 |  10953 |    512 |   2401 |   6098 |   5 | 2293.0 |
         Crypt |   5414 |   5248 |    166 |   1375 |   2568 |   3 | 1804.7 |
          Tomb |    880 |    810 |     70 |    100 |    314 |   1 |  880.0 |
        Depths |   5224 |   4856 |    368 |   1074 |   2611 |   4 | 1306.0 |
          Hell |    644 |    644 |      0 |     14 |    392 |   1 |  644.0 |
           Zot |   5728 |   5284 |    444 |    787 |   3080 |   5 | 1145.6 |
         Abyss |    833 |    833 |      0 |      0 |    498 |   2 |  416.5 |
   Pandemonium |   7961 |   7961 |      0 |    253 |   5769 |   8 |  995.1 |
      Ziggurat |    331 |    331 |      0 |    120 |     75 |   7 |   47.3 |
      Ice Cave |   2449 |   2449 |      0 |    965 |   1023 |   1 | 2449.0 |
               +--------+--------+--------+--------+--------+-----+--------+

Top non-repeatable levels by time:
 Snake:4: 4475 daAuts
 Slime:4: 3286 daAuts
  Lair:5: 3175 daAuts
Vaults:4: 3143 daAuts
Vaults:2: 2793 daAuts
Shoals:4: 2768 daAuts
Vaults:1: 2712 daAuts
    D:12: 2682 daAuts
   Elf:3: 2641 daAuts
 Snake:3: 2620 daAuts
    D:15: 2583 daAuts
   IceCv: 2449 daAuts
     D:3: 2416 daAuts
  Lair:2: 2395 daAuts
    D:13: 2388 daAuts
